 Dungeon Crawl Stone Soup version 0.29.0-4-gdea44cf6ec (webtiles) character file.

Game seed: 7202381862053377336

295792 qw the Warrior (level 21, -3/144 HPs)
             Began as a Gargoyle Fighter on Sept 9, 2022.
             Was the Champion of Okawaru.
             Slain by the 27-headed Lernaean hydra (4 damage)
             ... on level 4 of the Swamp.
             The game lasted 00:22:35 (45803 turns).

qw the Warrior (Gargoyle Fighter)                  Turns: 45803, Time: 00:22:36

Health: -3/144     AC: 62    Str: 35    XL:     21   Next: 26%
Magic:  28/28      EV: 19    Int: 10    God:    Okawaru [******]
Gold:   1117       SH: 19    Dex: 22    Spells: 20/20 levels left

rFire   + . .      SeeInvis +   y - +4 broad axe (freeze)
rCold   + . .      Faith    .   j - +1 kite shield {rC+}
rNeg    + . .      Spirit   .   D - +10 plate armour of the Sailor {rPois Str+5 Dex+2 Slay-5}
rPois   inf        Reflect  .   k - +1 hat of Okawaru's Fury {+Inv rF+ Will+}
rElec   +          Harm     .   c - +2 cloak
rCorr   .          Rampage  .   A - +1 pair of gloves "Eshruruwk" {Regen+ Dex+5}
Will    +++..                   t - +2 pair of boots
Stlth   ..........              m - amulet of the acrobat
HPRegen 1.14/turn               B - ring "Piutuhing" {Will+ Dex+6 SInv}
MPRegen 0.21/turn               u - +4 ring of protection

@: about to teleport, heroic, flying
A: sickness immunity, AC +16, big wings, negative energy resistance 1,
electricity resistance, torment resistance 1, petrification resistance,
screaming 1
}: 1/15 runes: serpentine
a: Renounce Religion, Evoke Invisibility, Heroism, Finesse, Duel


You were on level 4 of the Swamp.
You worshipped Okawaru.
Okawaru was exalted by your worship.
You visited 6 branches of the dungeon, and saw 34 of its levels.
You visited 1 bazaar.
You also visited: Ossuary.

You collected 4038 gold pieces.
You spent 2921 gold pieces at shops.


Innate Abilities, Weirdness & Mutations

You are immune to sickness and miasma.
Your stone body is resilient. (AC +16)
You are immune to poison.
Your large and strong wings let you fly.
You resist negative energy. (rN+)
You are resistant to electric shocks. (rElec)
You are resistant to unholy torment.
You are immune to petrification.
You occasionally shout uncontrollably at your foes.


   Skills:
 + Level 19.3(24.3) Fighting
 - Level 18.0(23.0) Axes
 - Level 9.0(14.0) Throwing
 - Level 18.0(23.0) Armour
 - Level 10.0(15.0) Dodging
 - Level 17.0(22.0) Shields
 - Level 10.0 Invocations


You had 20 spell levels left.
You didn't know any spells.
Your spell library was empty.

Inventory:

Hand Weapons
 y - a +4 broad axe of freezing (weapon)
Armour
 c - a +2 cloak (worn)
 j - a +1 kite shield of cold resistance (worn)
 k - the +1 hat of Okawaru's Fury (worn) {+Inv rF+ Will+}
   (Okawaru gifted it to you on level 1 of the Snake Pit)

   rF:        It protects you from fire.
   +Inv:      It lets you turn invisible.
   Will:      It increases your willpower.
 t - a +2 pair of boots (worn)
 x - the +0 helmet of the Reasonable God {Str+2}
   (Okawaru gifted it to you on level 3 of the Lair of Beasts)

   Str:       It affects your strength (+2).
 A - the +1 pair of gloves "Eshruruwk" (worn) {Regen+ Dex+5}
   (You bought it in a shop in a bazaar)

   Dex:       It affects your dexterity (+5).
   Regen:     It increases your rate of health regeneration.
 D - the +10 plate armour of the Sailor (worn) {rPois Str+5 Dex+2 Slay-5}
   (You found it on level 14 of the Dungeon)

   Str:       It affects your strength (+5).
   Dex:       It affects your dexterity (+2).
   Slay:      It affects your accuracy & damage with ranged weapons and melee
   (-5).
   rPois:     It protects you from poison.
Jewellery
 h - a ring of protection from fire
 m - an amulet of the acrobat (around neck)
 n - a +4 ring of evasion
 u - a +4 ring of protection (right hand)
 z - a ring of protection from fire
 B - the ring "Piutuhing" (left hand) {Will+ Dex+6 SInv}
   (You found it on level 12 of the Dungeon)

   [ring of dexterity]

   Dex:       It affects your dexterity (+6).
   SInv:      It lets you see invisible.
   Will:      It increases your willpower.
Scrolls
 a - 18 scrolls of identify
 i - 4 scrolls of blinking
 p - 18 scrolls of teleportation
 w - a scroll of enchant armour
Potions
 b - 7 potions of resistance
 d - 11 potions of might
 e - 2 potions of heal wounds
 f - 22 potions of curing
 g - 10 potions of lignification
 l - 8 potions of attraction
 o - 8 potions of magic
 q - 7 potions of mutation
 r - 2 potions of cancellation
 s - 4 potions of haste

Dungeon Overview and Level Annotations

Branches:
Dungeon (15/15)            Temple (0/1) D:4            Lair (5/5) D:10
  Swamp (4/4) Lair:3        Snake (4/4) Lair:2        Slime (0/5) Lair:4
    Orc (2/2) D:9             Elf (0/3) Orc:2        Vaults (4/5) D:14
  Crypt (0/3) Vaults:3     Depths (0/4) D:15        Ossuary (visited)

Altars:
Fedhas
Hepliaklqana
Nemelex Xobeh
Okawaru
Qazlal
Sif Muna
Trog
Vehumet
Yredelemnul
The Shining One

Shops:
D:8 *   D:11 ?   D:12 [!?!   Orc:2 :!=*:   Vaults:4 (

Annotations:
D:2 1 runed translucent door, Crazy Yiuf
D:5 1 runed translucent door, qw's ghost, amateur GrFi
D:14 1 runed translucent door, Wociock's ghost, journeyman DgHW
Lair:2 3 runed translucent doors, qw's ghost, journeyman DsCA
Lair:3 1 runed translucent door, qw's ghost, journeyman GrBe
Swamp:4 Lernaean hydra
Snake:1 3 runed translucent doors, qw's ghost, adept MiBe
Vaults:3 2 runed translucent doors, qw's ghost, adept MiBe


Message History

The seven-headed hydra closely misses you.
The seven-headed hydra misses you. The bunyip barely misses you.
The bunyip claws you but does no damage.
The bunyip claws you.
The goliath frog is engulfed in noxious fumes.
The goliath frog appears confused.
The goliath frog hits the eight-headed hydra!
The eight-headed hydra is splashed with acid.
The eight-headed hydra seems to be corroded for longer.
The goliath frog is engulfed in noxious fumes.
The goliath frog appears confused.
The goliath frog closely misses the swamp worm.
The goliath frog barely misses itself.
The swamp worm is engulfed in noxious fumes.
The swamp worm appears confused.
The swamp worm bites the eight-headed hydra!
The eight-headed hydra barely misses you.
The eight-headed hydra bites you!
The eight-headed hydra barely misses you. x2
You block the eight-headed hydra's attack. x3
The eight-headed hydra bites you.
The thorn hunter gestures.
Thorny briars emerge from the ground!
The 27-headed Lernaean hydra bites you but does no damage. x3
The 27-headed Lernaean hydra completely misses you.
The 27-headed Lernaean hydra bites you but does no damage. x2
The 27-headed Lernaean hydra closely misses you.
The 27-headed Lernaean hydra bites you.
The 27-headed Lernaean hydra bites you but does no damage. x2
You block the 27-headed Lernaean hydra's attack.
The 27-headed Lernaean hydra bites you.
The 27-headed Lernaean hydra bites you but does no damage.
The 27-headed Lernaean hydra misses you.
The 27-headed Lernaean hydra bites you but does no damage.
The 27-headed Lernaean hydra misses you.
The 27-headed Lernaean hydra completely misses you.
The 27-headed Lernaean hydra bites you but does no damage.
The 27-headed Lernaean hydra misses you.
The 27-headed Lernaean hydra bites you.
You die... 7~.77 ~7 ..~~. ~77 ~.~~. ~ #..~~. .¤ 77 ~..~7.~ ....~777~7777$~7~..~~.7. ..D.~~<.77PP~.7~ ..~~~(7 .w~DD¤ww7.PP~..D77.~~..7 777

~~~~FtDD)7PPD.0D@D~~...7777~~7
~~~~kw~~¤k7kw07wDx~~77~77~...77~7
~~~~kD~i~.~7.~DFF0~f~..77.~~~~~~7
~..%~~~~¤~.~~¤7~~~~~~~~~..~~~.7
~~~..%~~~~[k..~7~~~~.~~~~~~...~~.
~~..7.~~~..77¤.~~~~%~~~~.777.~~~~
~~$77~...~~.7~.^.¤~~~¤~.77 ~~~~
.7~ 77~.~~~~7..<.~~¤...77 ~~. .77
7.~~~~~.%..~~~~<.777 ..


You could see the 27-headed Lernaean hydra, a thorn hunter, a bunyip, a
16-headed hydra, an eight-headed hydra (corroded), a seven-headed hydra, a
six-headed hydra, a swamp dragon, a tyrant leech, 2 goliath frogs, a swamp worm
(confused, poisoned) and 3 swamp drakes.

Vanquished Creatures
  An ancient lich (Vaults:2)
  Margery (Vaults:4)
  Vashnia (Snake:4)
  Saint Roka (Vaults:3)
  Nikola (Snake:4)
  Rupert (D:13)
  Asterion (Vaults:3)
  Frances (Swamp:2)
  An ancient champion (Vaults:3)
  4 sphinxes (Vaults:2)
  Gastronok (D:12)
  A thorn hunter (Swamp:1)
  An orc warlord (Vaults:3)
  A frost giant (Vaults:3)
  9 nagarajas
  9 vault wardens
  Aizul (Snake:2)
  3 very ugly things
  13 ironbound preservers
  5 ironbound thunderhulks
  A war gargoyle (Vaults:3)
  A stone giant (Vaults:3)
  2 vampire knights (Vaults:3)
  2 eleionomae
  2 bunyips
  3 dire elephants
  Azrael (D:12)
  An entropy weaver (Vaults:2)
  A crystal guardian (Vaults:3)
  17 yaktaur captains
  A quicksilver dragon zombie (Vaults:4)
  2 deep elf high priests
  7 vault guards
  3 great orbs of eyes
  An ice dragon (D:14)
  A ghost crab (Swamp:3)
  A salamander tyrant (Snake:2)
  5 boulder beetles
  21 hydras
  9 ironbound frosthearts
  2 ogre magi
  5 centaur warriors
  16 naga warriors
  A peacekeeper (Vaults:3)
  4 catoblepae
  12 anacondas
  5 alligators
  6 two-headed ogres
  7 death yaks (Lair:5)
  5 tengu warriors (D:15)
  A deep troll earth mage (D:14)
  10 shock serpents
  2 orc high priests (Orc:2)
  20 naga sharpshooters
  4 hell knights (Vaults:4)
  Nergalle (D:10)
  5 salamander mystics
  4 skeletal warriors (D:15)
  Lodul (D:10)
  5 naga ritualists
  10 sea snakes (Snake:4)
  46 deep trolls
  5 spriggan druids
  6 phantasmal warriors
  2 goliath frogs
  7 swamp dragons
  3 bog bodies
  8 lindwurms
  A glowing orange brain (Vaults:1)
  4 necromancers
  9 orc knights
  5 wizards
  A deep elf archer (D:14)
  9 deep elf pyromancers
  A sphinx zombie (Vaults:4)
  4 deep elf zephyrmancers (Orc:1)
  14 ironbound convokers
  3 mana vipers
  24 ugly things
  A harpy (Vaults:1)
  3 orc sorcerers
  A wolf spider (D:14)
  20 salamanders
  3 will-o-the-wisps
  6 manticores
  A tengu skeleton (Vaults:2)
  Maurice (D:12)
  6 cyclopes
  11 elephants
  A salamander (shapeshifter) (D:14)
  2 elf zombies (Vaults:2)
  15 naga magi
  11 guardian serpents
  16 vault sentinels
  30 black mambas
  A gargoyle (D:13)
  8 cane toads
  38 yaktaurs
  An unseen horror (D:12)
  4 rime drakes
  A freezing wraith (D:14)
  2 human zombies (Vaults:2)
  A spectral naga (Snake:4)
  2 tengu conjurers
  15 komodo dragons
  A queen bee (D:14)
  6 meliai (D:14)
  10 trolls
  6 tyrant leeches
  2 polar bears
  2 saltlings (Orc:2)
  10 hornets
  26 slime creatures
  14 blink frogs
  A stone giant simulacrum (Vaults:2)
  A spriggan (shapeshifter) (D:13)
  An ettin zombie (Vaults:4)
  Sigmund (D:5)
  An ettin skeleton (Vaults:2)
  A vampire (D:10)
  62 yaks
  11 spriggans
  A shadow (D:10)
  3 wraiths
  2 fire elementals (D:11)
  3 basilisks
  6 wyverns
  10 humans (D:14)
  3 steam dragons
  5 vampire mosquitoes
  3 redbacks (Vaults:2)
  A warg (Orc:1)
  Menkaure (D:5)
  58 nagas
  An acid dragon (D:10)
  19 swamp worms
  2 hell hounds (D:11)
  Duvessa (D:7)
  11 water moccasins
  14 orc warriors
  5 ice beasts
  4 sky beasts
  A black bear (D:5)
  7 swamp drakes
  An ettin simulacrum (Vaults:1)
  A tengu (shapeshifter) (Vaults:1)
  17 ogres
  8 wolves
  10 centaurs
  2 phantoms (D:5)
  A kobold brigand (D:9)
  4 gnoll sergeants
  11 bullfrogs
  A necrophage (D:6)
  10 wights (D:7)
  Dowan (D:7)
  37 killer bees
  A howler monkey (D:5)
  6 jellies
  2 gnoll boudas
  14 orc priests
  5 hounds
  4 iguanas
  14 orc wizards
  5 hell rats (Lair:4)
  A boggart simulacrum (D:15)
  8 mummies (Ossuary)
  25 gnolls
  8 adders
  2 shadow imps
  A white imp (D:6)
  A worm (D:3)
  2 dart slugs
  50 orcs
  3 ball pythons
  10 endoplasms
  5 giant cockroaches
  A gnoll zombie (Ossuary)
  7 goblins
  10 hobgoblins
  4 jackals (D:1)
  2 quokkas (D:1)
  9 bats
  3 frilled lizards
  4 hobgoblin zombies (Ossuary)
  3 kobolds
  2 kobold zombies (Ossuary)
  2 orc zombies
  4 rats
  3 briar patches (Swamp:4)
  A pillar of salt (Orc:2)
1261 creatures vanquished.

Vanquished Creatures (others)
  A hydra (Swamp:4)
  A naga warrior (Snake:2)
  A sea snake (Snake:4)
  A deep elf pyromancer (Orc:1)
  3 bloated husks
  A swamp worm (Swamp:3)
  4 foxfires
  36 fungi
  3 pillars of salt (Orc:2)
  59 plants
  2 withered plants (D:5)
112 creatures vanquished.

Grand Total: 1373 creatures vanquished

Notes
Turn   | Place    | Note
-------+----------+-------------------------------------------
     0 | D:1      | qw the Gargoyle Fighter began the quest for the Orb.
     0 | D:1      | Reached XP level 1. HP: 14/14 MP: 1/1
     0 | D:1      | 0 ||| qw: Version: 0.1-a-113-g051387a
     0 | D:1      | 0 ||| qw: Game counter: 7336
     0 | D:1      | 0 ||| qw: Always use a shield: true
     0 | D:1      | 0 ||| qw: God list: Okawaru
     0 | D:1      | 0 ||| qw: Allow faded altars: false
     0 | D:1      | 0 ||| qw: Do Orc after D:15 true
     0 | D:1      | 0 ||| qw: Do second Lair branch before Depths: true
     0 | D:1      | 0 ||| qw: Lair rune preference: random
     0 | D:1      | 0 ||| qw: Plans: Normal, Zot, God:TSO, Crypt, Tomb, Zig,
                  | Orb
     0 | D:1      | 0 ||| PLANNING D:1-11
   303 | D:1      | 303 ||| Stepping ~*~*~tactically~*~*~ (stealth).
   310 | D:1      | Reached XP level 2. HP: 19/19 MP: 2/2
   445 | D:1      | 445 ||| Stepping ~*~*~tactically~*~*~ (stealth).
   446 | D:1      | 446 ||| Stepping ~*~*~tactically~*~*~ (stealth).
   487 | D:1      | Reached skill level 3 in Axes
   576 | D:1      | 576 ||| DROPPING +0 club.
   746 | D:1      | Reached XP level 3. HP: 23/23 MP: 3/3
   767 | D:1      | Found a faded altar of an unknown god.
  1248 | D:1      | 1248 ||| READING 2 scrolls labelled CITENA ASAUDDISE.
  1351 | D:2      | 1351 ||| READING 3 scrolls labelled DAIFYV VIRICUO.
  1352 | D:2      | 1352 ||| DROPPING 2 scrolls of immolation.
  1353 | D:2      | 1353 ||| Stepping randomly (stuck).
  1354 | D:2      | 1354 ||| Stepping randomly (stuck).
  1355 | D:2      | 1355 ||| Stepping randomly (stuck).
  1361 | D:2      | 1361 ||| FLEEEEING.
  1362 | D:2      | 1362 ||| FLEEEEING.
  1637 | D:2      | Found a runed translucent door.
  1638 | D:2      | Noticed Crazy Yiuf
  1695 | D:2      | Reached XP level 4. HP: 28/28 MP: 4/4
  1996 | D:2      | 1996 ||| DROPPING +0 leather armour of fire resistance.
  1997 | D:2      | 1997 ||| UPGRADING to +0 plate armour.
  2007 | D:2      | 2007 ||| DROPPING +0 scale mail.
  2008 | D:2      | 2008 ||| READING scroll labelled UNUKHL WUIRGH.
  2061 | D:2      | 2061 ||| DRINKING 2 emerald potions.
  2200 | D:3      | 2200 ||| Stepping ~*~*~tactically~*~*~ (stealth).
  2202 | D:3      | 2202 ||| Stepping ~*~*~tactically~*~*~ (stealth).
  2203 | D:3      | 2203 ||| Stepping ~*~*~tactically~*~*~ (stealth).
  2382 | D:3      | Found an iron altar of Okawaru.
  2390 | D:3      | Became a worshipper of Warmaster Okawaru
  2564 | D:3      | Reached XP level 5. HP: 13/32 MP: 5/5
  2569 | D:3      | 2569 ||| FLEEEEING.
  2608 | D:3      | 2608 ||| FLEEEEING.
  2609 | D:3      | 2609 ||| FLEEEEING.
  2913 | D:3      | Found a stormy altar of Qazlal.
  3091 | D:3      | 3091 ||| READING scroll labelled XISATE KOCW.
  3092 | D:3      | 3092 ||| DRINKING 2 amethyst potions.
  3093 | D:3      | 3093 ||| READING 4 scrolls of identify.
  3093 | D:3      | 3093 ||| IDENTIFYING lumpy pink potion
  3094 | D:3      | 3094 ||| READING 3 scrolls of identify.
  3094 | D:3      | 3094 ||| IDENTIFYING fizzy puce potion
  3095 | D:3      | 3095 ||| READING 2 scrolls of identify.
  3095 | D:3      | 3095 ||| IDENTIFYING fuming clear potion
  3096 | D:3      | 3096 ||| DROPPING potion of degeneration.
  3097 | D:3      | 3097 ||| DROPPING potion of flight.
  3318 | D:4      | 3318 ||| DROPPING +0 whip of flaming.
  3490 | D:4      | Found a staircase to the Ecumenical Temple.
  3560 | D:4      | 3560 ||| READING scroll of enchant armour.
  3560 | D:4      | 3560 ||| ENCHANTING +0 plate armour.
  3859 | D:4      | 3859 ||| UPGRADING to +1 pair of gloves.
  3864 | D:4      | 3864 ||| UPGRADING to ring of protection from fire.
  3865 | D:4      | 3865 ||| READING scroll labelled QISCHO AXECUXOS.
  3866 | D:4      | 3866 ||| READING 3 scrolls of identify.
  3866 | D:4      | 3866 ||| IDENTIFYING glowing black potion
  3867 | D:4      | 3867 ||| READING 2 scrolls of identify.
  3867 | D:4      | 3867 ||| IDENTIFYING sapphire potion
  3868 | D:4      | 3868 ||| DROPPING potion of berserk rage.
  3869 | D:4      | 3869 ||| DROPPING potion of brilliance.
  3896 | D:5      | Entered Level 5 of the Dungeon
  3897 | D:5      | Noticed a centaur
  3898 | D:5      | 3898 ||| Stepping ~*~*~tactically~*~*~ (hiding).
  4000 | D:5      | 4000 ||| Stepping ~*~*~tactically~*~*~ (hiding).
  4102 | D:5      | Found a blossoming altar of Fedhas.
  4105 | D:5      | 4105 ||| Stepping ~*~*~tactically~*~*~ (hiding).
  4106 | D:5      | 4106 ||| Stepping ~*~*~tactically~*~*~ (hiding).
  4107 | D:5      | 4107 ||| Stepping ~*~*~tactically~*~*~ (hiding).
  4117 | D:5      | Killed a centaur
  4118 | D:5      | Reached XP level 6. HP: 30/37 MP: 6/6
  4239 | D:5      | 4239 ||| Stepping ~*~*~tactically~*~*~ (stealth).
  4242 | D:5      | Noticed a black bear
  4243 | D:5      | 4243 ||| Stepping ~*~*~tactically~*~*~ (stealth).
  4250 | D:5      | Killed a black bear
  4251 | D:5      | Reached skill level 4 in Fighting
  4262 | D:5      | Found a runed translucent door.
  4262 | D:5      | Noticed qw's ghost (amateur GrFi)
  4292 | D:5      | Reached * piety under Okawaru
  4349 | D:5      | 4349 ||| Stepping ~*~*~tactically~*~*~ (hiding).
  4353 | D:5      | 4353 ||| INVOKING Heroism.
  4359 | D:5      | Reached skill level 6 in Axes
  4359 | D:5      | Reached XP level 7. HP: 44/44 MP: 4/7
  4504 | D:5      | 4504 ||| Stepping ~*~*~tactically~*~*~ (hiding).
  4516 | D:5      | 4516 ||| DRINKING 3 potions of curing.
  4516 | D:5      | 4516 ||| (to cure confusion)
  4532 | D:5      | Reached skill level 1 in Invocations
  4537 | D:5      | Noticed Sigmund
  4538 | D:5      | 4538 ||| Stepping ~*~*~tactically~*~*~ (hiding).
  4542 | D:5      | 4542 ||| INVOKING Heroism.
  4543 | D:5      | 4543 ||| INVOKING Heroism.
  4548 | D:5      | Killed Sigmund
  4599 | D:5      | Reached skill level 3 in Invocations
  4727 | D:5      | Reached ** piety under Okawaru
  4828 | D:5      | 4828 ||| Stepping ~*~*~tactically~*~*~ (stealth).
  4838 | D:5      | 4838 ||| INVOKING Heroism.
  4847 | D:5      | Reached XP level 8. HP: 33/48 MP: 7/10
  4865 | D:5      | 4865 ||| Stepping ~*~*~tactically~*~*~ (stealth).
  4867 | D:5      | 4867 ||| Stepping ~*~*~tactically~*~*~ (stealth).
  4868 | D:5      | 4868 ||| Stepping ~*~*~tactically~*~*~ (stealth).
  4903 | D:5      | 4903 ||| FLEEEEING.
  4904 | D:5      | 4904 ||| FLEEEEING.
  4905 | D:5      | 4905 ||| Stepping ~*~*~tactically~*~*~ (stealth).
  5047 | D:5      | Noticed Menkaure
  5048 | D:5      | 5048 ||| Stepping ~*~*~tactically~*~*~ (hiding).
  5052 | D:5      | 5052 ||| INVOKING Heroism.
  5058 | D:5      | Killed Menkaure
  5165 | D:5      | 5165 ||| Stepping ~*~*~tactically~*~*~ (stealth).
  5166 | D:5      | 5166 ||| Stepping ~*~*~tactically~*~*~ (stealth).
  5246 | D:5      | Reached skill level 5 in Fighting
  5429 | D:5      | Reached skill level 1 in Dodging
  5675 | D:5      | 5675 ||| UPGRADING to amulet of the acrobat.
  5680 | D:5      | 5680 ||| READING scroll labelled GITZEL DUZU.
  5681 | D:5      | 5681 ||| READING scroll labelled POLIFUF CUGGUR.
  5706 | D:6      | 5706 ||| PLANNING OSSUARY
  5707 | D:6      | 5707 ||| STAIRDANCE
  5714 | D:5      | 5714 ||| INVOKING Heroism.
  5717 | D:5      | Reached skill level 1 in Throwing
  5976 | D:6      | 5976 ||| STAIRDANCE
  6122 | D:6      | 6122 ||| INVOKING Heroism.
  6228 | D:6      | Found a sand-covered staircase.
  6229 | D:6      | 6229 ||| READING 2 scrolls of identify.
  6229 | D:6      | 6229 ||| IDENTIFYING murky golden potion
  6241 | Ossuary  | Entered an ossuary
  6244 | Ossuary  | 6244 ||| INVOKING Heroism.
  6265 | Ossuary  | 6265 ||| INVOKING Heroism.
  6535 | Ossuary  | 6535 ||| READING scroll of enchant armour.
  6535 | Ossuary  | 6535 ||| ENCHANTING +1 pair of gloves.
  6553 | Ossuary  | 6553 ||| DRINKING 2 metallic golden potions.
  6554 | Ossuary  | 6554 ||| DRINKING 3 blue potions.
  6554 | Ossuary  | Gained mutation: You occasionally lose the ability to drink
                  | potions when taking damage. [potion of mutation]
  6555 | Ossuary  | 6555 ||| DRINKING 2 potions of mutation.
  6555 | Ossuary  | Lost mutation: You occasionally lose the ability to drink
                  | potions when taking damage. [potion of mutation]
  6555 | Ossuary  | Gained mutation: You occasionally shout uncontrollably at
                  | your foes. [potion of mutation]
  6555 | Ossuary  | Gained mutation: You are agile. (Dex +4, Str/Int -1)
                  | [potion of mutation]
  6555 | Ossuary  | Lost mutation: You are agile. (Dex +4, Str/Int -1) [potion
                  | of mutation]
  6580 | D:6      | 6580 ||| PLANNING D:1-11
  6697 | D:6      | 6697 ||| INVOKING Heroism.
  6725 | D:6      | 6725 ||| INVOKING Heroism.
  6744 | D:6      | Reached XP level 9. HP: 27/55 MP: 12/12
  6911 | D:6      | 6911 ||| INVOKING Heroism.
  6965 | D:6      | 6965 ||| Stepping ~*~*~tactically~*~*~ (stealth).
  6967 | D:6      | 6967 ||| Stepping ~*~*~tactically~*~*~ (stealth).
  6969 | D:6      | 6969 ||| INVOKING Heroism.
  6978 | D:6      | Reached skill level 6 in Fighting
  6980 | D:6      | 6980 ||| Stepping ~*~*~tactically~*~*~ (stealth).
  6990 | D:6      | Reached *** piety under Okawaru
  6992 | D:6      | 6992 ||| INVOKING Heroism.
  7163 | D:6      | 7163 ||| INVOKING Heroism.
  7206 | D:6      | 7206 ||| Stepping ~*~*~tactically~*~*~ (hiding).
  7408 | D:6      | 7408 ||| INVOKING Heroism.
  7598 | D:6      | 7598 ||| INVOKING Heroism.
  7620 | D:6      | 7620 ||| DROPPING +0 flail.
  7764 | D:6      | 7764 ||| DRINKING 2 ruby potions.
  7765 | D:6      | 7765 ||| READING 5 scrolls of identify.
  7765 | D:6      | 7765 ||| IDENTIFYING cyan potion
  7766 | D:6      | 7766 ||| READING 4 scrolls of identify.
  7766 | D:6      | 7766 ||| IDENTIFYING bubbling orange potion
  7767 | D:6      | 7767 ||| DROPPING potion of ambrosia.
  7815 | D:7      | 7815 ||| Stepping ~*~*~tactically~*~*~ (hiding).
  7826 | D:7      | Reached skill level 9 in Axes
  7851 | D:7      | 7851 ||| SWAPPING to +3 war axe.
  7852 | D:7      | 7852 ||| DROPPING +0 war axe.
  7878 | D:7      | 7878 ||| DRINKING 7 potions of curing.
  7878 | D:7      | 7878 ||| (to cure confusion)
  7915 | D:7      | 7915 ||| INVOKING Heroism.
  7954 | D:7      | 7954 ||| Stepping ~*~*~tactically~*~*~ (hiding).
  7964 | D:7      | Reached skill level 7 in Fighting
  7987 | D:7      | 7987 ||| FLEEEEING.
  7997 | D:7      | 7997 ||| FLEEEEING.
  7998 | D:7      | 7998 ||| STAIRDANCE
  8188 | D:7      | 8188 ||| INVOKING Heroism.
  8235 | D:7      | Noticed Duvessa
  8236 | D:7      | 8236 ||| INVOKING Heroism.
  8238 | D:7      | Noticed Dowan
  8244 | D:7      | Killed Duvessa
  8245 | D:7      | Reached skill level 6 in Armour
  8245 | D:7      | 8245 ||| Stepping ~*~*~tactically~*~*~ (hiding).
  8251 | D:7      | 8251 ||| Stepping ~*~*~tactically~*~*~ (hiding).
  8257 | D:7      | Killed Dowan
  8546 | D:7      | 8546 ||| INVOKING Heroism.
  8552 | D:7      | 8552 ||| Stepping ~*~*~tactically~*~*~ (stealth).
  8621 | D:7      | 8621 ||| FLEEEEING.
  8623 | D:7      | 8623 ||| FLEEEEING.
  8624 | D:7      | 8624 ||| FLEEEEING.
  8625 | D:7      | 8625 ||| FLEEEEING.
  8626 | D:7      | 8626 ||| FLEEEEING.
  8627 | D:7      | 8627 ||| FLEEEEING.
  8628 | D:7      | 8628 ||| FLEEEEING.
  8629 | D:7      | 8629 ||| FLEEEEING.
  8630 | D:7      | 8630 ||| FLEEEEING.
  8631 | D:7      | 8631 ||| FLEEEEING.
  8632 | D:7      | 8632 ||| FLEEEEING.
  8636 | D:7      | 8636 ||| FLEEEEING.
  8637 | D:7      | 8637 ||| FLEEEEING.
  8638 | D:7      | 8638 ||| FLEEEEING.
  8639 | D:7      | 8639 ||| FLEEEEING.
  8640 | D:7      | 8640 ||| FLEEEEING.
  8643 | D:7      | 8643 ||| FLEEEEING.
  8644 | D:7      | 8644 ||| STAIRDANCE
  8699 | D:6      | 8699 ||| READING scroll labelled WETEXE DUROI.
  8858 | D:7      | Reached XP level 10. HP: 61/63 MP: 13/13
  8903 | D:7      | Found a hazy altar of Hepliaklqana.
  8952 | D:7      | Found a bloodstained altar of Trog.
  9343 | D:8      | Found Peurad's Lightly-Used Armoury.
  9358 | D:8      | Reached **** piety under Okawaru
  9363 | D:8      | 9363 ||| INVOKING Heroism.
  9381 | D:8      | 9381 ||| DRINKING 7 potions of curing.
  9381 | D:8      | 9381 ||| (to cure confusion)
  9387 | D:8      | Noticed a manticore
  9388 | D:8      | 9388 ||| INVOKING Heroism.
  9400 | D:8      | Killed a manticore
  9643 | D:8      | 9643 ||| INVOKING Heroism.
  9742 | D:8      | 9742 ||| INVOKING Heroism.
  9821 | D:8      | 9821 ||| INVOKING Heroism.
  9834 | D:8      | Reached skill level 8 in Fighting
 10023 | D:8      | 10023 ||| READING scroll labelled KEMYCH TAINUXT.
 10024 | D:8      | 10024 ||| READING 3 scrolls labelled RUG KINEIT.
 10025 | D:8      | 10025 ||| DROPPING 2 scrolls of noise.
 10121 | D:7      | Found a radiant altar of Vehumet.
 10121 | D:7      | Found a glowing golden altar of the Shining One.
 10159 | D:9      | 10159 ||| INVOKING Heroism.
 10179 | D:9      | Found a shimmering blue altar of Sif Muna.
 10333 | D:9      | 10333 ||| Stepping ~*~*~tactically~*~*~ (stealth).
 10335 | D:9      | 10335 ||| Stepping ~*~*~tactically~*~*~ (stealth).
 10351 | D:9      | Reached skill level 6 in Invocations
 10432 | D:9      | 10432 ||| FLEEEEING.
 10437 | D:9      | 10437 ||| FLEEEEING.
 10438 | D:9      | 10438 ||| FLEEEEING.
 10439 | D:9      | 10439 ||| FLEEEEING.
 10440 | D:9      | 10440 ||| FLEEEEING.
 10441 | D:9      | 10441 ||| FLEEEEING.
 10442 | D:9      | 10442 ||| FLEEEEING.
 10445 | D:9      | 10445 ||| FLEEEEING.
 10446 | D:9      | 10446 ||| STAIRDANCE
 10550 | D:9      | 10550 ||| STAIRDANCE
 10649 | D:9      | 10649 ||| STAIRDANCE
 10748 | D:9      | 10748 ||| STAIRDANCE
 10771 | D:9      | 10771 ||| INVOKING Heroism.
 10885 | D:9      | 10885 ||| INVOKING Heroism.
 10955 | D:9      | Found a staircase to the Orcish Mines.
 11159 | D:9      | 11159 ||| Stepping ~*~*~tactically~*~*~ (stealth).
 11197 | D:9      | 11197 ||| Stepping ~*~*~tactically~*~*~ (hiding).
 11200 | D:9      | 11200 ||| INVOKING Heroism.
 11273 | D:9      | 11273 ||| INVOKING Heroism.
 11278 | D:9      | Reached XP level 11. HP: 68/68 MP: 13/16
 11377 | D:9      | 11377 ||| UPGRADING to +4 ring of protection.
 11378 | D:9      | 11378 ||| READING 5 scrolls of identify.
 11378 | D:9      | 11378 ||| IDENTIFYING fizzy orange potion
 11406 | D:10     | Entered Level 10 of the Dungeon
 11408 | D:10     | 11408 ||| INVOKING Heroism.
 11526 | D:10     | Found a staircase to the Lair.
 11530 | D:10     | Found a basalt altar of Yredelemnul.
 11579 | D:10     | 11579 ||| INVOKING Heroism.
 11582 | D:10     | 11582 ||| Stepping ~*~*~tactically~*~*~ (stealth).
 11671 | D:10     | 11671 ||| FLEEEEING.
 11672 | D:10     | 11672 ||| FLEEEEING.
 11673 | D:10     | 11673 ||| FLEEEEING.
 11674 | D:10     | 11674 ||| FLEEEEING.
 11678 | D:10     | 11678 ||| FLEEEEING.
 11679 | D:10     | 11679 ||| FLEEEEING.
 11680 | D:10     | 11680 ||| FLEEEEING.
 11681 | D:10     | 11681 ||| FLEEEEING.
 11682 | D:10     | 11682 ||| FLEEEEING.
 11683 | D:10     | 11683 ||| FLEEEEING.
 11684 | D:10     | 11684 ||| FLEEEEING.
 11685 | D:10     | 11685 ||| FLEEEEING.
 11686 | D:10     | 11686 ||| FLEEEEING.
 11706 | D:10     | 11706 ||| INVOKING Heroism.
 11899 | D:10     | Noticed Nergalle
 11900 | D:10     | 11900 ||| INVOKING Heroism.
 11904 | D:10     | Noticed a two-headed ogre
 11911 | D:10     | Killed Nergalle
 11917 | D:10     | Killed a two-headed ogre
 12055 | D:10     | Noticed a two-headed ogre
 12057 | D:10     | 12057 ||| INVOKING Heroism.
 12063 | D:10     | Killed a two-headed ogre
 12063 | D:10     | Reached ***** piety under Okawaru
 12064 | D:10     | Reached skill level 9 in Invocations
 12086 | D:10     | 12086 ||| FLEEEEING.
 12095 | D:10     | 12095 ||| STAIRDANCE
 12131 | D:10     | 12131 ||| Stepping ~*~*~tactically~*~*~ (stealth).
 12233 | D:10     | Noticed Lodul
 12251 | D:10     | Received a gift from Okawaru
 12253 | D:10     | Killed Lodul
 12438 | D:10     | 12438 ||| INVOKING Heroism.
 12501 | D:10     | 12501 ||| READING scroll of enchant armour.
 12501 | D:10     | 12501 ||| ENCHANTING +1 plate armour.
 12528 | D:10     | Identified the +5 ring mail of Privacy {rPois}
 12581 | D:10     | 12581 ||| PLANNING LAIR
 12581 | D:10     | 12581 ||| UPGRADING to +0 kite shield.
 12585 | D:10     | Identified the +5 dagger "Jivvuaxt" {flame, Will- Str+6
                  | Dex+4}
 12586 | D:10     | 12586 ||| Stepping ~*~*~tactically~*~*~ (stealth).
 12587 | D:10     | 12587 ||| UPGRADING to +0 buckler.
 12592 | D:10     | 12592 ||| UPGRADING to +0 kite shield.
 12602 | D:10     | 12602 ||| DROPPING +0 buckler.
 12603 | D:10     | 12603 ||| DROPPING scarf of shadows.
 12620 | Lair:1   | Entered Level 1 of the Lair of Beasts
 12621 | Lair:1   | 12621 ||| INVOKING Heroism.
 12635 | Lair:1   | Reached skill level 6 in Shields
 12733 | Lair:1   | 12733 ||| INVOKING Heroism.
 12779 | Lair:1   | 12779 ||| Stepping ~*~*~tactically~*~*~ (stealth).
 12783 | Lair:1   | 12783 ||| INVOKING Heroism.
 12983 | Lair:1   | 12983 ||| INVOKING Heroism.
 12991 | Lair:1   | Reached XP level 12. HP: 57/75 MP: 17/19
 13102 | Lair:1   | Identified the +2 ring mail "Ugafioj" {rPois rC++ rN+
                  | Will+}
 13163 | Lair:1   | Noticed a five-headed hydra
 13164 | Lair:1   | 13164 ||| INVOKING Heroism.
 13165 | Lair:1   | 13165 ||| INVOKING Finesse.
 13168 | Lair:1   | 13168 ||| SWAPPING to +0 morningstar.
 13178 | Lair:1   | Killed a five-headed hydra
 13179 | Lair:1   | 13179 ||| SWAPPING to +4 war axe.
 13317 | Lair:1   | You fall into a shaft and drop 1 floor!
 13320 | Lair:2   | 13320 ||| INVOKING Heroism.
 13328 | Lair:2   | Reached skill level 9 in Shields
 13432 | Lair:2   | 13432 ||| READING scroll labelled ERAUWAALAU.
 13458 | Lair:1   | 13458 ||| INVOKING Heroism.
 13599 | Lair:1   | 13599 ||| INVOKING Heroism.
 13624 | Lair:1   | Reached skill level 9 in Fighting
 13629 | Lair:1   | Received a gift from Okawaru
 13836 | Lair:1   | Noticed a six-headed hydra
 13837 | Lair:1   | 13837 ||| INVOKING Heroism.
 13838 | Lair:1   | 13838 ||| INVOKING Finesse.
 13840 | Lair:1   | 13840 ||| SWAPPING to +0 morningstar.
 13851 | Lair:1   | Killed a six-headed hydra
 13852 | Lair:1   | 13852 ||| SWAPPING to +4 war axe.
 13997 | Lair:1   | 13997 ||| READING scroll of enchant armour.
 13997 | Lair:1   | 13997 ||| ENCHANTING +2 plate armour.
 14350 | Lair:2   | Noticed qw's ghost (journeyman DsCA)
 14360 | Lair:2   | Noticed a minotaur
 14443 | Lair:2   | Received a gift from Okawaru
 14455 | Lair:2   | 14455 ||| INVOKING Heroism.
 14607 | Lair:2   | 14607 ||| INVOKING Heroism.
 14624 | Lair:2   | 14624 ||| Stepping ~*~*~tactically~*~*~ (stealth).
 14624 | Lair:2   | Found a sparkling altar of Nemelex Xobeh.
 14625 | Lair:2   | 14625 ||| Stepping ~*~*~tactically~*~*~ (stealth).
 14626 | Lair:2   | 14626 ||| Stepping ~*~*~tactically~*~*~ (stealth).
 14627 | Lair:2   | 14627 ||| Stepping ~*~*~tactically~*~*~ (stealth).
 14630 | Lair:2   | 14630 ||| Stepping ~*~*~tactically~*~*~ (stealth).
 14695 | Lair:2   | Reached skill level 12 in Axes
 14744 | Lair:2   | Noticed a boulder beetle
 14745 | Lair:2   | 14745 ||| INVOKING Heroism.
 14746 | Lair:2   | 14746 ||| INVOKING Finesse.
 14761 | Lair:2   | Killed a boulder beetle
 14789 | Lair:2   | 14789 ||| Stepping ~*~*~tactically~*~*~ (stealth).
 14823 | Lair:2   | 14823 ||| INVOKING Heroism.
 14824 | Lair:2   | 14824 ||| Stepping ~*~*~tactically~*~*~ (stealth).
 14875 | Lair:2   | Found a staircase to the Snake Pit.
 14939 | Lair:2   | 14939 ||| INVOKING Heroism.
 15354 | Lair:2   | Found a runed translucent gate.
 15355 | Lair:2   | Found a runed translucent gate.
 15356 | Lair:2   | Found a runed translucent gate.
 15392 | Lair:2   | 15392 ||| Stepping ~*~*~tactically~*~*~ (stealth).
 15393 | Lair:2   | 15393 ||| Stepping ~*~*~tactically~*~*~ (stealth).
 15607 | Lair:2   | 15607 ||| UPGRADING to +0 cloak.
 15612 | Lair:2   | 15612 ||| READING scroll labelled QOEPPY PIDUBE.
 15613 | Lair:2   | 15613 ||| READING scroll labelled KOMELLALED.
 15683 | Lair:2   | 15683 ||| READING scroll labelled SIRU VOPLUATH.
 15684 | Lair:2   | 15684 ||| READING 5 scrolls of identify.
 15684 | Lair:2   | 15684 ||| IDENTIFYING metallic grey potion
 15685 | Lair:2   | 15685 ||| DROPPING potion of invisibility.
 15731 | Lair:3   | 15731 ||| Stepping ~*~*~tactically~*~*~ (stealth).
 15736 | Lair:3   | 15736 ||| Stepping ~*~*~tactically~*~*~ (stealth).
 15740 | Lair:3   | 15740 ||| Stepping ~*~*~tactically~*~*~ (stealth).
 15741 | Lair:3   | 15741 ||| Stepping ~*~*~tactically~*~*~ (stealth).
 15742 | Lair:3   | 15742 ||| Stepping ~*~*~tactically~*~*~ (stealth).
 15746 | Lair:3   | 15746 ||| INVOKING Heroism.
 15905 | Lair:3   | Noticed a six-headed hydra
 15906 | Lair:3   | 15906 ||| INVOKING Heroism.
 15907 | Lair:3   | 15907 ||| INVOKING Finesse.
 15909 | Lair:3   | 15909 ||| SWAPPING to +0 morningstar.
 15919 | Lair:3   | Killed a six-headed hydra
 15920 | Lair:3   | Reached skill level 9 in Armour
 15920 | Lair:3   | Reached XP level 13. HP: 65/80 MP: 13/20
 15920 | Lair:3   | 15920 ||| SWAPPING to +4 war axe.
 16046 | Lair:3   | 16046 ||| Stepping ~*~*~tactically~*~*~ (hiding).
 16049 | Lair:3   | 16049 ||| INVOKING Heroism.
 16051 | Lair:3   | 16051 ||| INVOKING Finesse.
 16056 | Lair:3   | 16056 ||| SWAPPING to +0 morningstar.
 16069 | Lair:3   | Identified the +0 helmet of the Reasonable God {Str+2}
                  | (Okawaru gifted it to you on level 3 of the Lair of Beasts)
 16069 | Lair:3   | Received a gift from Okawaru
 16070 | Lair:3   | 16070 ||| SWAPPING to +4 war axe.
 16193 | Lair:3   | 16193 ||| Stepping ~*~*~tactically~*~*~ (stealth).
 16195 | Lair:3   | 16195 ||| INVOKING Heroism.
 16196 | Lair:3   | 16196 ||| SWAPPING to +0 morningstar.
 16197 | Lair:3   | 16197 ||| INVOKING Finesse.
 16204 | Lair:3   | Reached skill level 10 in Fighting
 16204 | Lair:3   | 16204 ||| SWAPPING to +4 war axe.
 16254 | Lair:3   | Found a staircase to the Swamp.
 16371 | Lair:3   | 16371 ||| Stepping ~*~*~tactically~*~*~ (stealth).
 16375 | Lair:3   | 16375 ||| Stepping ~*~*~tactically~*~*~ (stealth).
 16381 | Lair:3   | 16381 ||| INVOKING Heroism.
 16382 | Lair:3   | 16382 ||| Stepping ~*~*~tactically~*~*~ (stealth).
 16383 | Lair:3   | 16383 ||| Stepping ~*~*~tactically~*~*~ (stealth).
 16450 | Lair:3   | 16450 ||| READING scroll of enchant armour.
 16450 | Lair:3   | 16450 ||| ENCHANTING +0 cloak.
 16483 | Lair:3   | 16483 ||| Stepping ~*~*~tactically~*~*~ (stealth).
 16484 | Lair:3   | 16484 ||| INVOKING Heroism.
 16486 | Lair:3   | 16486 ||| Stepping ~*~*~tactically~*~*~ (stealth).
 16512 | Lair:3   | Noticed qw's ghost (journeyman GrBe)
 16526 | Lair:3   | 16526 ||| Stepping ~*~*~tactically~*~*~ (hiding).
 16536 | Lair:3   | 16536 ||| Stepping ~*~*~tactically~*~*~ (stealth).
 16554 | Lair:3   | 16554 ||| FLEEEEING.
 16555 | Lair:3   | 16555 ||| INVOKING Heroism.
 16628 | Lair:3   | 16628 ||| INVOKING Heroism.
 16692 | Lair:3   | 16692 ||| INVOKING Heroism.
 16706 | Lair:3   | Found a runed translucent door.
 17079 | Lair:3   | 17079 ||| UPGRADING to +0 helmet of the Reasonable God
                  | {Str+2}.
 17084 | Lair:3   | 17084 ||| READING scroll labelled DAFYRPH XEOQISK.
 17085 | Lair:3   | 17085 ||| DROPPING +0 morningstar.
 17102 | Lair:4   | 17102 ||| PLANNING GAUNTLET
 17135 | Lair:4   | 17135 ||| Stepping ~*~*~tactically~*~*~ (stealth).
 17143 | Lair:4   | 17143 ||| INVOKING Heroism.
 17150 | Lair:4   | 17150 ||| Stepping ~*~*~tactically~*~*~ (stealth).
 17164 | Lair:4   | 17164 ||| INVOKING Heroism.
 17195 | Lair:4   | 17195 ||| Stepping ~*~*~tactically~*~*~ (stealth).
 17220 | Lair:4   | 17220 ||| INVOKING Heroism.
 17238 | Lair:4   | 17238 ||| FLEEEEING.
 17239 | Lair:4   | 17239 ||| FLEEEEING.
 17245 | Lair:4   | 17245 ||| Stepping ~*~*~tactically~*~*~ (stealth).
 17247 | Lair:4   | 17247 ||| Stepping ~*~*~tactically~*~*~ (stealth).
 17249 | Lair:4   | 17249 ||| FLEEEEING.
 17253 | Lair:4   | 17253 ||| INVOKING Heroism.
 17300 | Lair:4   | 17300 ||| FLEEEEING.
 17310 | Lair:4   | 17310 ||| STAIRDANCE
 17631 | Lair:4   | 17631 ||| RIP GAUNTLET
 17681 | Lair:4   | 17681 ||| PLANNING LAIR
 17681 | Lair:4   | 17681 ||| INVOKING Heroism.
 17727 | Lair:4   | 17727 ||| INVOKING Heroism.
 17836 | Lair:4   | 17836 ||| Stepping ~*~*~tactically~*~*~ (stealth).
 17838 | Lair:4   | 17838 ||| Stepping ~*~*~tactically~*~*~ (stealth).
 17840 | Lair:4   | 17840 ||| Stepping ~*~*~tactically~*~*~ (stealth).
 17843 | Lair:4   | 17843 ||| Stepping ~*~*~tactically~*~*~ (stealth).
 17846 | Lair:4   | 17846 ||| Stepping ~*~*~tactically~*~*~ (stealth).
 17847 | Lair:4   | 17847 ||| INVOKING Heroism.
 17879 | Lair:4   | Found a staircase to the Slime Pits.
 17966 | Lair:4   | 17966 ||| READING scroll of brand weapon.
 17966 | Lair:4   | 17966 ||| BRANDING +4 war axe of flaming.
 18034 | Lair:4   | 18034 ||| INVOKING Heroism.
 18382 | Lair:4   | 18382 ||| DROPPING +2 hat.
 18401 | Lair:5   | Entered Level 5 of the Lair of Beasts
 18402 | Lair:5   | 18402 ||| INVOKING Heroism.
 18437 | Lair:5   | 18437 ||| Stepping ~*~*~tactically~*~*~ (stealth).
 18444 | Lair:5   | 18444 ||| Stepping ~*~*~tactically~*~*~ (stealth).
 18468 | Lair:5   | 18468 ||| INVOKING Heroism.
 18498 | Lair:5   | Received a gift from Okawaru
 18525 | Lair:5   | 18525 ||| FLEEEEING.
 18526 | Lair:5   | 18526 ||| FLEEEEING.
 18527 | Lair:5   | 18527 ||| FLEEEEING.
 18528 | Lair:5   | 18528 ||| STAIRDANCE
 18650 | Lair:5   | 18650 ||| STAIRDANCE
 18713 | Lair:5   | 18713 ||| Stepping ~*~*~tactically~*~*~ (stealth).
 18715 | Lair:5   | 18715 ||| INVOKING Heroism.
 18739 | Lair:5   | 18739 ||| Stepping ~*~*~tactically~*~*~ (stealth).
 18743 | Lair:5   | 18743 ||| Stepping ~*~*~tactically~*~*~ (stealth).
 18749 | Lair:5   | 18749 ||| Stepping ~*~*~tactically~*~*~ (hiding).
 18752 | Lair:5   | 18752 ||| INVOKING Heroism.
 18765 | Lair:5   | Gained mutation: Your large and strong wings let you fly.
                  | [Gargoyle growth]
 18765 | Lair:5   | Reached XP level 14. HP: 71/88 MP: 19/21
 18896 | Lair:5   | 18896 ||| INVOKING Heroism.
 18898 | Lair:5   | 18898 ||| INVOKING Finesse.
 18912 | Lair:5   | Reached skill level 11 in Fighting
 18972 | Lair:5   | Found a dark tunnel.
 19019 | Lair:5   | 19019 ||| INVOKING Heroism.
 19020 | Lair:5   | 19020 ||| INVOKING Finesse.
 19033 | Lair:5   | 19033 ||| Stepping ~*~*~tactically~*~*~ (stealth).
 19034 | Lair:5   | 19034 ||| Stepping ~*~*~tactically~*~*~ (stealth).
 19097 | Lair:5   | Reached skill level 12 in Shields
 19182 | Lair:5   | 19182 ||| Stepping ~*~*~tactically~*~*~ (stealth).
 19184 | Lair:5   | 19184 ||| Stepping ~*~*~tactically~*~*~ (hiding).
 19192 | Lair:5   | Reached skill level 3 in Throwing
 19542 | Lair:5   | 19542 ||| INVOKING Heroism.
 19543 | Lair:5   | 19543 ||| INVOKING Finesse.
 19562 | Lair:5   | 19562 ||| Stepping ~*~*~tactically~*~*~ (stealth).
 19601 | Lair:5   | 19601 ||| Stepping ~*~*~tactically~*~*~ (stealth).
 19603 | Lair:5   | 19603 ||| INVOKING Heroism.
 19604 | Lair:5   | 19604 ||| INVOKING Finesse.
 19691 | Lair:5   | 19691 ||| INVOKING Heroism.
 19692 | Lair:5   | 19692 ||| INVOKING Finesse.
 19767 | Lair:5   | 19767 ||| INVOKING Heroism.
 19768 | Lair:5   | 19768 ||| INVOKING Finesse.
 19781 | Lair:5   | 19781 ||| Stepping ~*~*~tactically~*~*~ (hiding).
 19782 | Lair:5   | 19782 ||| Stepping ~*~*~tactically~*~*~ (hiding).
 19783 | Lair:5   | 19783 ||| Stepping ~*~*~tactically~*~*~ (hiding).
 19785 | Lair:5   | 19785 ||| Stepping ~*~*~tactically~*~*~ (hiding).
 19805 | Lair:5   | Reached skill level 6 in Throwing
 19870 | Lair:5   | 19870 ||| INVOKING Heroism.
 19871 | Lair:5   | 19871 ||| INVOKING Finesse.
 19872 | Lair:5   | 19872 ||| INVOKING Finesse.
 19928 | Lair:5   | 19928 ||| INVOKING Heroism.
 19929 | Lair:5   | 19929 ||| INVOKING Finesse.
 19995 | Lair:5   | Identified the +5 chain mail of Compassion {rF+ rCorr}
 20248 | Lair:5   | 20248 ||| PLANNING D:1-11
 20248 | Lair:5   | 20248 ||| DROPPING +3 chain mail.
 20249 | Lair:5   | 20249 ||| UPGRADING to +5 chain mail of Compassion {rF+
                  | rCorr}.
 20259 | Lair:5   | 20259 ||| DROPPING amulet of faith.
 20260 | Lair:5   | 20260 ||| DROPPING ring of magical power.
 20375 | D:11     | 20375 ||| INVOKING Heroism.
 20576 | D:11     | Found Afucw's Magic Scroll Boutique.
 20581 | D:11     | 20581 ||| BUYING 2 scrolls of teleportation (72 gold).
 20581 | D:11     | Bought 2 scrolls of teleportation for 72 gold pieces
 20581 | D:11     | 20581 ||| BUYING scroll of brand weapon (114 gold).
 20581 | D:11     | Bought a scroll of brand weapon for 114 gold pieces
 20581 | D:11     | 20581 ||| BUYING scroll of brand weapon (114 gold).
 20581 | D:11     | Bought a scroll of brand weapon for 114 gold pieces
 20581 | D:11     | 20581 ||| BUYING scroll of enchant weapon (90 gold).
 20581 | D:11     | Bought a scroll of enchant weapon for 90 gold pieces
 20581 | D:11     | 20581 ||| BUYING scroll of teleportation (36 gold).
 20581 | D:11     | Bought a scroll of teleportation for 36 gold pieces
 20581 | D:11     | 20581 ||| BUYING scroll of teleportation (36 gold).
 20581 | D:11     | Bought a scroll of teleportation for 36 gold pieces
 20581 | D:11     | 20581 ||| BUYING scroll of teleportation (36 gold).
 20581 | D:11     | Bought a scroll of teleportation for 36 gold pieces
 20581 | D:11     | 20581 ||| READING 2 scrolls of brand weapon.
 20581 | D:11     | 20581 ||| BRANDING +4 war axe of freezing.
 20582 | D:11     | 20582 ||| READING scroll of brand weapon.
 20582 | D:11     | 20582 ||| BRANDING +4 war axe of flaming.
 20583 | D:11     | 20583 ||| READING scroll of enchant weapon.
 20583 | D:11     | 20583 ||| ENCHANTING +4 war axe of freezing.
 20622 | D:11     | 20622 ||| INVOKING Heroism.
 20623 | D:11     | 20623 ||| INVOKING Finesse.
 20672 | D:11     | 20672 ||| READING scroll of enchant weapon.
 20672 | D:11     | 20672 ||| ENCHANTING +5 war axe of freezing.
 20686 | D:11     | 20686 ||| FLEEEEING.
 20687 | D:11     | 20687 ||| FLEEEEING.
 20688 | D:11     | 20688 ||| FLEEEEING.
 20689 | D:11     | 20689 ||| FLEEEEING.
 20690 | D:11     | 20690 ||| FLEEEEING.
 20691 | D:11     | 20691 ||| FLEEEEING.
 20707 | D:11     | 20707 ||| FLEEEEING.
 20709 | D:11     | 20709 ||| STAIRDANCE
 20837 | D:10     | 20837 ||| DROPPING +0 flail.
 20840 | D:10     | 20840 ||| DROPPING +1 flail of holy wrath.
 20937 | D:11     | 20937 ||| Stepping ~*~*~tactically~*~*~ (stealth).
 20967 | D:11     | 20967 ||| Stepping ~*~*~tactically~*~*~ (stealth).
 21146 | D:11     | 21146 ||| Stepping ~*~*~tactically~*~*~ (hiding).
 21210 | D:11     | You are sucked into a shaft and drop 2 floors!
 21251 | D:12     | Found Vocox's Magic Scroll Shoppe.
 21254 | D:12     | 21254 ||| BUYING scroll of blinking (127 gold).
 21254 | D:12     | Bought a scroll of blinking for 127 gold pieces
 21254 | D:12     | 21254 ||| BUYING scroll of identify (34 gold).
 21254 | D:12     | Bought a scroll of identify for 34 gold pieces
 21254 | D:12     | 21254 ||| BUYING scroll of identify (34 gold).
 21254 | D:12     | Bought a scroll of identify for 34 gold pieces
 21254 | D:12     | 21254 ||| BUYING scroll of identify (34 gold).
 21254 | D:12     | Bought a scroll of identify for 34 gold pieces
 21254 | D:12     | 21254 ||| BUYING scroll of identify (34 gold).
 21254 | D:12     | Bought a scroll of identify for 34 gold pieces
 21254 | D:12     | 21254 ||| BUYING scroll of teleportation (51 gold).
 21254 | D:12     | Bought a scroll of teleportation for 51 gold pieces
 21254 | D:12     | 21254 ||| BUYING scroll of teleportation (51 gold).
 21254 | D:12     | Bought a scroll of teleportation for 51 gold pieces
 21291 | D:13     | 21291 ||| Stepping ~*~*~tactically~*~*~ (hiding).
 21313 | D:13     | Received a gift from Okawaru
 21318 | D:13     | 21318 ||| Stepping ~*~*~tactically~*~*~ (hiding).
 21320 | D:13     | 21320 ||| Stepping ~*~*~tactically~*~*~ (hiding).
 21440 | D:13     | Reached skill level 15 in Axes
 21499 | D:13     | Noticed Rupert
 21500 | D:13     | 21500 ||| INVOKING Heroism.
 21501 | D:13     | 21501 ||| INVOKING Finesse.
 21516 | D:13     | Killed Rupert
 21517 | D:13     | Reached skill level 3 in Dodging
 21839 | D:12     | Found Ytracs's Distillery.
 21844 | D:12     | 21844 ||| Stepping ~*~*~tactically~*~*~ (hiding).
 21845 | D:12     | 21845 ||| Stepping ~*~*~tactically~*~*~ (hiding).
 21847 | D:12     | 21847 ||| Stepping ~*~*~tactically~*~*~ (hiding).
 21848 | D:12     | 21848 ||| INVOKING Heroism.
 21863 | D:12     | Received a gift from Okawaru
 21866 | D:12     | Reached XP level 15. HP: 78/95 MP: 22/22
 21936 | D:12     | 21936 ||| BUYING potion of attraction (33 gold).
 21936 | D:12     | Bought a potion of attraction for 33 gold pieces
 21936 | D:12     | 21936 ||| BUYING potion of curing (33 gold).
 21936 | D:12     | Bought a potion of curing for 33 gold pieces
 21936 | D:12     | 21936 ||| BUYING potion of haste (110 gold).
 21936 | D:12     | Bought a potion of haste for 110 gold pieces
 21936 | D:12     | 21936 ||| BUYING potion of magic (88 gold).
 21936 | D:12     | Bought a potion of magic for 88 gold pieces
 21936 | D:12     | 21936 ||| BUYING potion of magic (88 gold).
 21936 | D:12     | Bought a potion of magic for 88 gold pieces
 21968 | D:12     | 21968 ||| Stepping ~*~*~tactically~*~*~ (stealth).
 21969 | D:12     | 21969 ||| Stepping ~*~*~tactically~*~*~ (stealth).
 21970 | D:12     | 21970 ||| Stepping ~*~*~tactically~*~*~ (stealth).
 21971 | D:12     | 21971 ||| INVOKING Heroism.
 22099 | D:11     | 22099 ||| PLANNING D
 22108 | D:12     | Noticed Azrael
 22109 | D:12     | 22109 ||| INVOKING Heroism.
 22110 | D:12     | 22110 ||| INVOKING Finesse.
 22111 | D:12     | 22111 ||| STAIRDANCE
 22139 | D:12     | 22139 ||| STAIRDANCE
 22150 | D:12     | 22150 ||| INVOKING Finesse.
 22155 | D:12     | 22155 ||| INVOKING Heroism.
 22158 | D:12     | Reached skill level 12 in Fighting
 22166 | D:12     | Killed Azrael
 22393 | D:12     | Found Guestof's Distillery.
 22396 | D:12     | 22396 ||| BUYING potion of attraction (48 gold).
 22396 | D:12     | Bought a potion of attraction for 48 gold pieces
 22396 | D:12     | 22396 ||| BUYING potion of heal wounds (80 gold).
 22396 | D:12     | Bought a potion of heal wounds for 80 gold pieces
 22396 | D:12     | 22396 ||| BUYING potion of lignification (48 gold).
 22396 | D:12     | Bought a potion of lignification for 48 gold pieces
 22396 | D:12     | 22396 ||| BUYING potion of magic (128 gold).
 22396 | D:12     | Bought a potion of magic for 128 gold pieces
 22396 | D:12     | 22396 ||| BUYING potion of mutation (128 gold).
 22396 | D:12     | Bought a potion of mutation for 128 gold pieces
 22446 | D:12     | 22446 ||| Stepping ~*~*~tactically~*~*~ (stealth).
 22481 | D:12     | Found Sijosama's Armour Emporium.
 22612 | D:12     | Noticed Maurice
 22623 | D:12     | Paralysed by something for 4 turns
 22628 | D:12     | Killed Maurice
 22858 | D:12     | Noticed Gastronok
 22868 | D:12     | 22868 ||| INVOKING Heroism.
 22877 | D:12     | Killed Gastronok
 23090 | D:12     | Identified the ring "Piutuhing" {Will+ Dex+6 SInv}
 23121 | D:12     | 23121 ||| READING scroll of enchant weapon.
 23121 | D:12     | 23121 ||| ENCHANTING +6 war axe of freezing.
 23341 | D:12     | 23341 ||| UPGRADING to +0 pair of boots.
 23346 | D:12     | 23346 ||| UPGRADING to +4 ring of evasion.
 23348 | D:12     | 23348 ||| UPGRADING to ring "Piutuhing" {Will+ Dex+6 SInv}.
 23403 | D:14     | 23403 ||| STAIRDANCE
 23409 | D:14     | 23409 ||| STAIRDANCE
 23423 | D:14     | 23423 ||| STAIRDANCE
 23473 | D:14     | 23473 ||| STAIRDANCE
 23485 | D:14     | 23485 ||| Stepping ~*~*~tactically~*~*~ (hiding).
 23494 | D:14     | 23494 ||| Stepping ~*~*~tactically~*~*~ (hiding).
 23506 | D:14     | 23506 ||| INVOKING Heroism.
 23641 | D:14     | 23641 ||| INVOKING Heroism.
 23655 | D:14     | 23655 ||| FLEEEEING.
 23656 | D:14     | 23656 ||| FLEEEEING.
 23657 | D:14     | 23657 ||| FLEEEEING.
 23659 | D:14     | 23659 ||| FLEEEEING.
 23660 | D:14     | 23660 ||| FLEEEEING.
 23661 | D:14     | 23661 ||| FLEEEEING.
 23662 | D:14     | 23662 ||| FLEEEEING.
 23663 | D:14     | 23663 ||| FLEEEEING.
 23664 | D:14     | 23664 ||| FLEEEEING.
 23882 | D:14     | 23882 ||| SWAPPING to +0 broad axe.
 23883 | D:14     | 23883 ||| DROPPING +7 war axe of freezing.
 23977 | D:14     | 23977 ||| Stepping ~*~*~tactically~*~*~ (hiding).
 23981 | D:14     | 23981 ||| INVOKING Heroism.
 24065 | D:14     | 24065 ||| INVOKING Heroism.
 24070 | D:14     | 24070 ||| Stepping ~*~*~tactically~*~*~ (stealth).
 24100 | D:14     | Identified the +2 hand crossbow of Agony {vorpal, rElec
                  | rPois rF- Str-4} (Okawaru gifted it to you on level 14 of
                  | the Dungeon)
 24100 | D:14     | Received a gift from Okawaru
 24150 | D:14     | Identified the +10 plate armour of the Sailor {rPois Str+5
                  | Dex+2 Slay-5}
 24153 | D:14     | Found a gate to the Vaults.
 24203 | D:14     | 24203 ||| INVOKING Heroism.
 24296 | D:14     | 24296 ||| Stepping ~*~*~tactically~*~*~ (hiding).
 24298 | D:14     | 24298 ||| Stepping ~*~*~tactically~*~*~ (hiding).
 24312 | D:14     | 24312 ||| Stepping ~*~*~tactically~*~*~ (hiding).
 24314 | D:14     | 24314 ||| Stepping ~*~*~tactically~*~*~ (hiding).
 24333 | D:14     | 24333 ||| Stepping ~*~*~tactically~*~*~ (stealth).
 24360 | D:14     | 24360 ||| INVOKING Heroism.
 24361 | D:14     | 24361 ||| INVOKING Finesse.
 24367 | D:14     | 24367 ||| SWAPPING to +0 morningstar.
 24377 | D:14     | 24377 ||| SWAPPING to +0 broad axe.
 24379 | D:14     | 24379 ||| Stepping ~*~*~tactically~*~*~ (stealth).
 24380 | D:14     | 24380 ||| Stepping ~*~*~tactically~*~*~ (stealth).
 24413 | D:14     | 24413 ||| Stepping ~*~*~tactically~*~*~ (hiding).
 24433 | D:14     | 24433 ||| INVOKING Heroism.
 24446 | D:14     | 24446 ||| Stepping ~*~*~tactically~*~*~ (stealth).
 24453 | D:14     | 24453 ||| INVOKING Heroism.
 24534 | D:14     | 24534 ||| Stepping ~*~*~tactically~*~*~ (stealth).
 24535 | D:14     | 24535 ||| FLEEEEING.
 24536 | D:14     | 24536 ||| FLEEEEING.
 24537 | D:14     | 24537 ||| FLEEEEING.
 24538 | D:14     | 24538 ||| INVOKING Heroism.
 24550 | D:14     | Received a gift from Okawaru
 24716 | D:14     | 24716 ||| Stepping ~*~*~tactically~*~*~ (stealth).
 24736 | D:14     | 24736 ||| Stepping ~*~*~tactically~*~*~ (stealth).
 24741 | D:14     | 24741 ||| Stepping ~*~*~tactically~*~*~ (stealth).
 24755 | D:14     | 24755 ||| INVOKING Heroism.
 24756 | D:14     | 24756 ||| INVOKING Finesse.
 24760 | D:14     | 24760 ||| SWAPPING to +0 morningstar.
 24761 | D:14     | 24761 ||| Stepping ~*~*~tactically~*~*~ (outnumbered).
 24762 | D:14     | 24762 ||| SWAPPING to +0 broad axe.
 24763 | D:14     | 24763 ||| SWAPPING to +0 morningstar.
 24770 | D:14     | 24770 ||| SWAPPING to +0 broad axe.
 24981 | D:14     | 24981 ||| INVOKING Heroism.
 25099 | D:14     | 25099 ||| FLEEEEING.
 25100 | D:14     | 25100 ||| FLEEEEING.
 25101 | D:14     | 25101 ||| FLEEEEING.
 25102 | D:14     | 25102 ||| FLEEEEING.
 25103 | D:14     | 25103 ||| FLEEEEING.
 25104 | D:14     | 25104 ||| FLEEEEING.
 25105 | D:14     | 25105 ||| FLEEEEING.
 25106 | D:14     | 25106 ||| FLEEEEING.
 25107 | D:14     | 25107 ||| FLEEEEING.
 25108 | D:14     | 25108 ||| FLEEEEING.
 25113 | D:14     | 25113 ||| INVOKING Heroism.
 25456 | D:14     | Found a runed translucent door.
 25460 | D:14     | Noticed Wociock's ghost (journeyman DgHW)
 25551 | D:14     | 25551 ||| DROPPING +3 plate armour.
 25552 | D:14     | 25552 ||| UPGRADING to +10 plate armour of the Sailor
                  | {rPois Str+5 Dex+2 Slay-5}.
 25562 | D:14     | 25562 ||| DROPPING +5 chain mail of Compassion {rF+ rCorr}.
 25563 | D:14     | 25563 ||| READING scroll labelled YGUNA GUOTOSH.
 25588 | D:15     | Entered Level 15 of the Dungeon
 25597 | D:15     | 25597 ||| Stepping ~*~*~tactically~*~*~ (stealth).
 25740 | D:15     | 25740 ||| Stepping ~*~*~tactically~*~*~ (hiding).
 25740 | D:15     | Found a staircase to the Depths.
 25741 | D:15     | 25741 ||| INVOKING Heroism.
 26210 | D:15     | 26210 ||| INVOKING Heroism.
 26272 | D:15     | Reached XP level 16. HP: 56/101 MP: 23/23
 26279 | D:15     | 26279 ||| INVOKING Heroism.
 26536 | D:15     | 26536 ||| FLEEEEING.
 26550 | D:15     | 26550 ||| FLEEEEING.
 26551 | D:15     | 26551 ||| FLEEEEING.
 26676 | D:15     | 26676 ||| Stepping ~*~*~tactically~*~*~ (hiding).
 26678 | D:15     | 26678 ||| Stepping ~*~*~tactically~*~*~ (hiding).
 26690 | D:15     | 26690 ||| INVOKING Heroism.
 26829 | D:15     | 26829 ||| Stepping ~*~*~tactically~*~*~ (stealth).
 26859 | D:15     | 26859 ||| Stepping ~*~*~tactically~*~*~ (stealth).
 26861 | D:15     | 26861 ||| INVOKING Heroism.
 26862 | D:15     | 26862 ||| Stepping ~*~*~tactically~*~*~ (stealth).
 26873 | D:15     | Reached skill level 12 in Armour
 26920 | D:15     | 26920 ||| Stepping ~*~*~tactically~*~*~ (stealth).
 26923 | D:15     | 26923 ||| INVOKING Heroism.
 26927 | D:15     | 26927 ||| Stepping ~*~*~tactically~*~*~ (stealth).
 27266 | D:15     | 27266 ||| Stepping ~*~*~tactically~*~*~ (stealth).
 27745 | D:15     | 27745 ||| PLANNING ORC
 27900 | Orc:1    | Entered Level 1 of the Orcish Mines
 27908 | Orc:1    | 27908 ||| INVOKING Heroism.
 27929 | Orc:1    | 27929 ||| Stepping ~*~*~tactically~*~*~ (stealth).
 27936 | Orc:1    | 27936 ||| Stepping ~*~*~tactically~*~*~ (stealth).
 28125 | Orc:1    | 28125 ||| INVOKING Heroism.
 28133 | Orc:1    | Received a gift from Okawaru
 28176 | Orc:1    | 28176 ||| INVOKING Heroism.
 28375 | Orc:1    | 28375 ||| INVOKING Heroism.
 28529 | Orc:2    | Entered Level 2 of the Orcish Mines
 28560 | Orc:2    | 28560 ||| FLEEEEING.
 28562 | Orc:2    | 28562 ||| STAIRDANCE
 28618 | Orc:2    | 28618 ||| Stepping ~*~*~tactically~*~*~ (hiding).
 28657 | Orc:2    | 28657 ||| INVOKING Heroism.
 28659 | Orc:2    | 28659 ||| INVOKING Finesse.
 28751 | Orc:2    | 28751 ||| INVOKING Heroism.
 28789 | Orc:2    | 28789 ||| INVOKING Heroism.
 28798 | Orc:2    | Found Ofador's Jewellery Shoppe.
 28834 | Orc:2    | Found Suripnet's General Store.
 28840 | Orc:2    | 28840 ||| BUYING ring of protection from fire (375 gold).
 28840 | Orc:2    | Bought a ring of protection from fire for 375 gold pieces
 28844 | Orc:2    | 28844 ||| BUYING potion of curing (45 gold).
 28844 | Orc:2    | Bought a potion of curing for 45 gold pieces
 28854 | Orc:2    | 28854 ||| INVOKING Heroism.
 28994 | Orc:2    | Found Tosha's Distillery.
 29000 | Orc:2    | 29000 ||| BUYING 2 potions of curing (90 gold).
 29000 | Orc:2    | Bought 2 potions of curing for 90 gold pieces
 29000 | Orc:2    | 29000 ||| BUYING potion of curing (45 gold).
 29000 | Orc:2    | Bought a potion of curing for 45 gold pieces
 29000 | Orc:2    | 29000 ||| BUYING potion of curing (45 gold).
 29000 | Orc:2    | Bought a potion of curing for 45 gold pieces
 29000 | Orc:2    | 29000 ||| SHOPLISTING potion of haste (150 gold, have 30).
 29117 | Orc:2    | 29117 ||| INVOKING Heroism.
 29184 | Orc:2    | Found Fexkeph's Book Boutique.
 29251 | Orc:2    | 29251 ||| Stepping ~*~*~tactically~*~*~ (hiding).
 29257 | Orc:2    | Found a staircase to the Elven Halls.
 29576 | Orc:2    | Found Wicu Sorph's Book Shoppe.
 29577 | Orc:2    | 29577 ||| INVOKING Heroism.
 29712 | Orc:1    | 29712 ||| PLANNING SNAKE:1-3
 29829 | Snake:1  | Entered Level 1 of the Snake Pit
 29847 | Snake:1  | 29847 ||| Stepping ~*~*~tactically~*~*~ (stealth).
 29875 | Snake:1  | Reached skill level 13 in Fighting
 30163 | Snake:1  | Identified the +1 hat of Okawaru's Fury {+Inv rF+ Will+}
                  | (Okawaru gifted it to you on level 1 of the Snake Pit)
 30163 | Snake:1  | Received a gift from Okawaru
 30189 | Snake:1  | 30189 ||| Stepping ~*~*~tactically~*~*~ (hiding).
 30195 | Snake:1  | 30195 ||| Stepping ~*~*~tactically~*~*~ (hiding).
 30196 | Snake:1  | 30196 ||| Stepping ~*~*~tactically~*~*~ (hiding).
 30201 | Snake:1  | 30201 ||| INVOKING Heroism.
 30576 | Snake:1  | 30576 ||| Stepping ~*~*~tactically~*~*~ (hiding).
 30578 | Snake:1  | 30578 ||| INVOKING Heroism.
 30698 | Snake:1  | 30698 ||| Stepping ~*~*~tactically~*~*~ (hiding).
 30703 | Snake:1  | 30703 ||| INVOKING Heroism.
 30812 | Snake:1  | 30812 ||| Stepping ~*~*~tactically~*~*~ (hiding).
 30813 | Snake:1  | 30813 ||| INVOKING Heroism.
 30911 | Snake:1  | Found a runed translucent gate.
 30911 | Snake:1  | Found a runed translucent gate.
 30912 | Snake:1  | Found a runed translucent gate.
 30915 | Snake:1  | Noticed qw's ghost (adept MiBe)
 31075 | Snake:1  | 31075 ||| Stepping ~*~*~tactically~*~*~ (hiding).
 31091 | Snake:1  | 31091 ||| INVOKING Heroism.
 31572 | Snake:1  | 31572 ||| UPGRADING to +1 hat of Okawaru's Fury {+Inv rF+
                  | Will+}.
 31582 | Snake:1  | 31582 ||| UPGRADING to +2 pair of boots.
 31592 | Snake:1  | 31592 ||| DROPPING +0 pair of boots.
 31609 | Snake:2  | 31609 ||| PLANNING BAZAAR
 31610 | Snake:2  | 31610 ||| Stepping ~*~*~tactically~*~*~ (stealth).
 31612 | Snake:2  | 31612 ||| INVOKING Heroism.
 32156 | Snake:2  | Found a flickering gateway to a bazaar.
 32160 | Snake:2  | 32160 ||| INVOKING Heroism.
 32279 | Bazaar   | Entered a bazaar
 32293 | Bazaar   | Found Enoodig's Armour Shoppe.
 32298 | Bazaar   | 32298 ||| BUYING +1 pair of gloves "Eshruruwk" {Regen+
                  | Dex+5} (189 gold).
 32298 | Bazaar   | Bought the +1 pair of gloves "Eshruruwk" {Regen+ Dex+5} for
                  | 189 gold pieces
 32309 | Bazaar   | Found Olaidong's Jewellery Emporium.
 32309 | Bazaar   | Found Fexzaf's Armour Shoppe.
 32344 | Bazaar   | Found Zeekk's Antique Armour Emporium.
 32344 | Bazaar   | Found Jyogenooce's General Store.
 32349 | Bazaar   | 32349 ||| BUYING 2 potions of resistance (240 gold).
 32349 | Bazaar   | Bought 2 potions of resistance for 240 gold pieces
 32367 | Bazaar   | 32367 ||| UPGRADING to +1 pair of gloves "Eshruruwk"
                  | {Regen+ Dex+5}.
 32377 | Bazaar   | 32377 ||| DROPPING +2 pair of gloves.
 32385 | Snake:2  | 32385 ||| PLANNING SNAKE:1-3
 32521 | Snake:2  | 32521 ||| Stepping ~*~*~tactically~*~*~ (hiding).
 32522 | Snake:2  | 32522 ||| Stepping ~*~*~tactically~*~*~ (hiding).
 32635 | Snake:2  | 32635 ||| Stepping ~*~*~tactically~*~*~ (stealth).
 32637 | Snake:2  | 32637 ||| Stepping ~*~*~tactically~*~*~ (hiding).
 32645 | Snake:2  | 32645 ||| INVOKING Heroism.
 32652 | Snake:2  | 32652 ||| Stepping ~*~*~tactically~*~*~ (hiding).
 32677 | Snake:2  | HP: 16/104 [anaconda (12)]
 32678 | Snake:2  | 32678 ||| READING 23 scrolls of teleportation.
 32678 | Snake:2  | HP: 5/104 [naga/+0 halberd (6)]
 32679 | Snake:2  | 32679 ||| DRINKING 8 potions of heal wounds.
 32791 | Snake:2  | Noticed Aizul
 32792 | Snake:2  | 32792 ||| INVOKING Heroism.
 32793 | Snake:2  | 32793 ||| INVOKING Finesse.
 32816 | Snake:2  | Killed Aizul
 32817 | Snake:2  | Reached skill level 6 in Dodging
 32817 | Snake:2  | 32817 ||| Stepping ~*~*~tactically~*~*~ (hiding).
 32858 | Snake:2  | 32858 ||| Stepping ~*~*~tactically~*~*~ (stealth).
 32871 | Snake:2  | Reached XP level 17. HP: 108/108 MP: 24/24
 32884 | Snake:2  | 32884 ||| INVOKING Heroism.
 32967 | Snake:2  | 32967 ||| INVOKING Heroism.
 33003 | Snake:2  | 33003 ||| INVOKING Heroism.
 33059 | Snake:2  | 33059 ||| Stepping ~*~*~tactically~*~*~ (hiding).
 33064 | Snake:2  | 33064 ||| Stepping ~*~*~tactically~*~*~ (hiding).
 33065 | Snake:2  | 33065 ||| INVOKING Heroism.
 33335 | Snake:2  | 33335 ||| Stepping ~*~*~tactically~*~*~ (hiding).
 33370 | Snake:2  | 33370 ||| INVOKING Heroism.
 33573 | Snake:2  | 33573 ||| Stepping ~*~*~tactically~*~*~ (stealth).
 33575 | Snake:2  | 33575 ||| Stepping ~*~*~tactically~*~*~ (hiding).
 33583 | Snake:2  | 33583 ||| INVOKING Heroism.
 33847 | Snake:2  | 33847 ||| UPGRADING to +1 kite shield of cold resistance.
 33857 | Snake:2  | 33857 ||| DROPPING +0 kite shield.
 33920 | Snake:3  | 33920 ||| Stepping ~*~*~tactically~*~*~ (hiding).
 33922 | Snake:3  | 33922 ||| INVOKING Heroism.
 33935 | Snake:3  | Reached skill level 18 in Axes
 33999 | Snake:3  | 33999 ||| Stepping ~*~*~tactically~*~*~ (hiding).
 34032 | Snake:3  | 34032 ||| INVOKING Heroism.
 34044 | Snake:3  | Received a gift from Okawaru
 34137 | Snake:3  | 34137 ||| Stepping ~*~*~tactically~*~*~ (hiding).
 34163 | Snake:3  | 34163 ||| INVOKING Heroism.
 34165 | Snake:3  | 34165 ||| Stepping ~*~*~tactically~*~*~ (hiding).
 34184 | Snake:3  | Received a gift from Okawaru
 34320 | Snake:3  | 34320 ||| Stepping ~*~*~tactically~*~*~ (hiding).
 34360 | Snake:3  | 34360 ||| Stepping ~*~*~tactically~*~*~ (hiding).
 34364 | Snake:3  | 34364 ||| INVOKING Heroism.
 34394 | Snake:3  | 34394 ||| Stepping ~*~*~tactically~*~*~ (hiding).
 34409 | Snake:3  | 34409 ||| READING scroll of enchant weapon.
 34409 | Snake:3  | 34409 ||| ENCHANTING +0 broad axe.
 34488 | Snake:3  | 34488 ||| INVOKING Heroism.
 34555 | Snake:3  | 34555 ||| Stepping ~*~*~tactically~*~*~ (stealth).
 34584 | Snake:3  | 34584 ||| Stepping ~*~*~tactically~*~*~ (hiding).
 34594 | Snake:3  | 34594 ||| Stepping ~*~*~tactically~*~*~ (stealth).
 34674 | Snake:3  | 34674 ||| Stepping ~*~*~tactically~*~*~ (hiding).
 34680 | Snake:3  | 34680 ||| INVOKING Heroism.
 34703 | Snake:3  | 34703 ||| Stepping ~*~*~tactically~*~*~ (stealth).
 34705 | Snake:3  | 34705 ||| Stepping ~*~*~tactically~*~*~ (hiding).
 34708 | Snake:3  | 34708 ||| Stepping ~*~*~tactically~*~*~ (hiding).
 34724 | Snake:3  | 34724 ||| INVOKING Heroism.
 34885 | Snake:3  | 34885 ||| PLANNING SWAMP:1-3
 35031 | Swamp:1  | Entered Level 1 of the Swamp
 35064 | Swamp:1  | 35064 ||| Stepping ~*~*~tactically~*~*~ (hiding).
 35067 | Swamp:1  | 35067 ||| INVOKING Heroism.
 35078 | Swamp:1  | 35078 ||| Stepping ~*~*~tactically~*~*~ (stealth).
 35079 | Swamp:1  | 35079 ||| Stepping ~*~*~tactically~*~*~ (stealth).
 35080 | Swamp:1  | 35080 ||| Stepping ~*~*~tactically~*~*~ (stealth).
 35092 | Swamp:1  | 35092 ||| Stepping ~*~*~tactically~*~*~ (stealth).
 35094 | Swamp:1  | 35094 ||| Stepping ~*~*~tactically~*~*~ (stealth).
 35099 | Swamp:1  | 35099 ||| INVOKING Heroism.
 35100 | Swamp:1  | 35100 ||| SWAPPING to +0 morningstar.
 35101 | Swamp:1  | 35101 ||| Stepping ~*~*~tactically~*~*~ (outnumbered).
 35102 | Swamp:1  | 35102 ||| Stepping ~*~*~tactically~*~*~ (outnumbered).
 35103 | Swamp:1  | 35103 ||| Stepping ~*~*~tactically~*~*~ (outnumbered).
 35105 | Swamp:1  | 35105 ||| Stepping ~*~*~tactically~*~*~ (outnumbered).
 35112 | Swamp:1  | 35112 ||| SWAPPING to +1 broad axe.
 35115 | Swamp:1  | Reached skill level 14 in Fighting
 35130 | Swamp:1  | 35130 ||| INVOKING Heroism.
 35274 | Swamp:1  | You are sucked into a shaft and drop 1 floor!
 35306 | Swamp:2  | Noticed Frances
 35307 | Swamp:2  | 35307 ||| INVOKING Heroism.
 35308 | Swamp:2  | 35308 ||| INVOKING Finesse.
 35323 | Swamp:2  | Killed Frances
 35323 | Swamp:2  | Identified the +1 plate armour of the Earth {rPois Str+5}
                  | (Okawaru gifted it to you on level 2 of the Swamp)
 35323 | Swamp:2  | Received a gift from Okawaru
 35353 | Swamp:2  | 35353 ||| INVOKING Heroism.
 35355 | Swamp:2  | 35355 ||| Stepping ~*~*~tactically~*~*~ (hiding).
 35440 | Swamp:2  | 35440 ||| Stepping ~*~*~tactically~*~*~ (stealth).
 35442 | Swamp:2  | 35442 ||| Stepping ~*~*~tactically~*~*~ (hiding).
 35445 | Swamp:2  | 35445 ||| Stepping ~*~*~tactically~*~*~ (hiding).
 35449 | Swamp:2  | 35449 ||| INVOKING Heroism.
 35477 | Swamp:2  | 35477 ||| Stepping ~*~*~tactically~*~*~ (hiding).
 35491 | Swamp:2  | 35491 ||| Stepping ~*~*~tactically~*~*~ (stealth).
 35517 | Swamp:1  | 35517 ||| INVOKING Heroism.
 35521 | Swamp:1  | 35521 ||| SWAPPING to +0 morningstar.
 35525 | Swamp:1  | 35525 ||| SWAPPING to +1 broad axe.
 35577 | Swamp:1  | 35577 ||| INVOKING Heroism.
 35645 | Swamp:1  | 35645 ||| INVOKING Heroism.
 35666 | Swamp:1  | 35666 ||| INVOKING Finesse.
 35848 | Swamp:1  | 35848 ||| DROPPING ring of resist corrosion.
 35858 | Swamp:2  | 35858 ||| INVOKING Heroism.
 35887 | Swamp:2  | 35887 ||| Stepping ~*~*~tactically~*~*~ (hiding).
 35888 | Swamp:2  | 35888 ||| Stepping ~*~*~tactically~*~*~ (hiding).
 35915 | Swamp:2  | 35915 ||| DROPPING +0 flail of holy wrath.
 35932 | Swamp:2  | 35932 ||| INVOKING Heroism.
 35953 | Swamp:2  | Reached skill level 15 in Fighting
 36047 | Swamp:2  | 36047 ||| Stepping ~*~*~tactically~*~*~ (hiding).
 36052 | Swamp:2  | 36052 ||| INVOKING Heroism.
 36079 | Swamp:2  | 36079 ||| Stepping ~*~*~tactically~*~*~ (stealth).
 36081 | Swamp:2  | 36081 ||| Stepping ~*~*~tactically~*~*~ (stealth).
 36338 | Swamp:3  | 36338 ||| INVOKING Heroism.
 36340 | Swamp:3  | 36340 ||| SWAPPING to +0 morningstar.
 36351 | Swamp:3  | 36351 ||| SWAPPING to +1 broad axe.
 36362 | Swamp:3  | Reached XP level 18. HP: 119/119 MP: 25/25
 36362 | Swamp:3  | 36362 ||| DROPPING +0 morningstar.
 36378 | Swamp:3  | 36378 ||| Stepping randomly (cloudy).
 36385 | Swamp:3  | 36385 ||| Stepping ~*~*~tactically~*~*~ (cloud).
 36392 | Swamp:3  | 36392 ||| Stepping ~*~*~tactically~*~*~ (stealth).
 36394 | Swamp:3  | 36394 ||| Stepping ~*~*~tactically~*~*~ (stealth).
 36395 | Swamp:3  | 36395 ||| Stepping ~*~*~tactically~*~*~ (stealth).
 36443 | Swamp:3  | 36443 ||| Stepping ~*~*~tactically~*~*~ (stealth).
 36447 | Swamp:3  | 36447 ||| Stepping ~*~*~tactically~*~*~ (stealth).
 36449 | Swamp:3  | 36449 ||| Stepping ~*~*~tactically~*~*~ (stealth).
 36463 | Swamp:3  | 36463 ||| Stepping ~*~*~tactically~*~*~ (hiding).
 36579 | Swamp:3  | 36579 ||| Stepping ~*~*~tactically~*~*~ (stealth).
 36630 | Swamp:3  | 36630 ||| INVOKING Heroism.
 36820 | Swamp:3  | 36820 ||| Stepping ~*~*~tactically~*~*~ (hiding).
 36967 | Swamp:3  | 36967 ||| Stepping ~*~*~tactically~*~*~ (stealth).
 36969 | Swamp:3  | 36969 ||| Stepping ~*~*~tactically~*~*~ (stealth).
 36971 | Swamp:3  | 36971 ||| Stepping ~*~*~tactically~*~*~ (hiding).
 36981 | Swamp:3  | 36981 ||| Stepping ~*~*~tactically~*~*~ (stealth).
 36982 | Swamp:3  | 36982 ||| Stepping ~*~*~tactically~*~*~ (stealth).
 36987 | Swamp:3  | 36987 ||| Stepping ~*~*~tactically~*~*~ (stealth).
 37094 | Swamp:3  | 37094 ||| PLANNING SNAKE:4
 37094 | Swamp:3  | 37094 ||| READING scroll labelled SEOTZI XUCHEHA.
 37277 | Snake:4  | Entered Level 4 of the Snake Pit
 37285 | Snake:4  | 37285 ||| INVOKING Heroism.
 37331 | Snake:4  | 37331 ||| Stepping ~*~*~tactically~*~*~ (hiding).
 37403 | Snake:4  | 37403 ||| INVOKING Heroism.
 37452 | Snake:4  | Noticed Vashnia
 37457 | Snake:4  | 37457 ||| INVOKING Heroism.
 37484 | Snake:4  | Received a gift from Okawaru
 37494 | Snake:4  | HP: 24/119 [naga sharpshooter/bolt[Vashnia] (9)]
 37495 | Snake:4  | 37495 ||| READING 24 scrolls of teleportation.
 37496 | Snake:4  | 37496 ||| DRINKING 9 potions of heal wounds.
 37521 | Snake:4  | 37521 ||| Stepping ~*~*~tactically~*~*~ (stealth).
 37522 | Snake:4  | 37522 ||| Stepping ~*~*~tactically~*~*~ (stealth).
 37524 | Snake:4  | 37524 ||| Stepping ~*~*~tactically~*~*~ (stealth).
 37602 | Snake:4  | 37602 ||| INVOKING Heroism.
 37659 | Snake:4  | 37659 ||| INVOKING Heroism.
 37703 | Snake:4  | 37703 ||| FLEEEEING.
 37750 | Snake:4  | 37750 ||| INVOKING Heroism.
 37791 | Snake:4  | 37791 ||| Stepping ~*~*~tactically~*~*~ (hiding).
 37817 | Snake:4  | 37817 ||| INVOKING Heroism.
 37915 | Snake:4  | 37915 ||| INVOKING Heroism.
 37957 | Snake:4  | 37957 ||| INVOKING Heroism.
 37970 | Snake:4  | Reached skill level 15 in Shields
 38045 | Snake:4  | 38045 ||| Stepping ~*~*~tactically~*~*~ (hiding).
 38046 | Snake:4  | 38046 ||| INVOKING Heroism.
 38073 | Snake:4  | 38073 ||| Stepping ~*~*~tactically~*~*~ (hiding).
 38080 | Snake:4  | 38080 ||| INVOKING Heroism.
 38141 | Snake:4  | Received a gift from Okawaru
 38146 | Snake:4  | 38146 ||| INVOKING Heroism.
 38148 | Snake:4  | Reached skill level 16 in Fighting
 38213 | Snake:4  | Got a serpentine rune of Zot
 38327 | Snake:4  | 38327 ||| INVOKING Heroism.
 38400 | Snake:4  | 38400 ||| Stepping ~*~*~tactically~*~*~ (hiding).
 38401 | Snake:4  | 38401 ||| Stepping ~*~*~tactically~*~*~ (hiding).
 38402 | Snake:4  | 38402 ||| Stepping ~*~*~tactically~*~*~ (stealth).
 38404 | Snake:4  | 38404 ||| INVOKING Heroism.
 38424 | Snake:4  | Killed Vashnia
 38428 | Snake:4  | 38428 ||| INVOKING Heroism.
 38448 | Snake:4  | Identified the +1 robe of the Original Sin {SInv} (Okawaru
                  | gifted it to you on level 4 of the Snake Pit)
 38448 | Snake:4  | Received a gift from Okawaru
 38522 | Snake:4  | Noticed Nikola
 38523 | Snake:4  | 38523 ||| INVOKING Heroism.
 38526 | Snake:4  | 38526 ||| INVOKING Finesse.
 38561 | Snake:4  | Killed Nikola
 38562 | Snake:4  | Reached skill level 15 in Armour
 38612 | Snake:4  | 38612 ||| READING scroll of enchant weapon.
 38612 | Snake:4  | 38612 ||| ENCHANTING +1 broad axe.
 38781 | Snake:4  | 38781 ||| Stepping ~*~*~tactically~*~*~ (hiding).
 38783 | Snake:4  | 38783 ||| Stepping ~*~*~tactically~*~*~ (hiding).
 38788 | Snake:4  | 38788 ||| INVOKING Heroism.
 38844 | Snake:4  | 38844 ||| PLANNING VAULTS:1-4
 38844 | Snake:4  | 38844 ||| UPGRADING to +2 cloak.
 38854 | Snake:4  | 38854 ||| DROPPING +1 cloak.
 39118 | Vaults:1 | Entered Level 1 of the Vaults
 39154 | Vaults:1 | 39154 ||| Stepping ~*~*~tactically~*~*~ (stealth).
 39157 | Vaults:1 | 39157 ||| Stepping ~*~*~tactically~*~*~ (stealth).
 39173 | Vaults:1 | 39173 ||| INVOKING Heroism.
 39178 | Vaults:1 | Reached XP level 19. HP: 106/125 MP: 23/26
 39264 | Vaults:1 | 39264 ||| Stepping ~*~*~tactically~*~*~ (hiding).
 39276 | Vaults:1 | 39276 ||| INVOKING Heroism.
 39290 | Vaults:1 | Reached skill level 9 in Dodging
 39389 | Vaults:1 | 39389 ||| INVOKING Heroism.
 39403 | Vaults:1 | Reached skill level 17 in Fighting
 39421 | Vaults:1 | 39421 ||| Stepping ~*~*~tactically~*~*~ (stealth).
 39468 | Vaults:1 | 39468 ||| Stepping ~*~*~tactically~*~*~ (hiding).
 39469 | Vaults:1 | 39469 ||| Stepping ~*~*~tactically~*~*~ (hiding).
 39806 | Vaults:1 | 39806 ||| Stepping ~*~*~tactically~*~*~ (hiding).
 40171 | Vaults:1 | 40171 ||| INVOKING Heroism.
 40196 | Vaults:1 | Received a gift from Okawaru
 40214 | Vaults:1 | 40214 ||| INVOKING Heroism.
 40216 | Vaults:1 | Received a gift from Okawaru
 40228 | Vaults:1 | 40228 ||| Stepping ~*~*~tactically~*~*~ (hiding).
 40244 | Vaults:1 | Paralysed by a floating eye for 4 turns
 40251 | Vaults:1 | 40251 ||| Stepping ~*~*~tactically~*~*~ (hiding).
 40257 | Vaults:1 | HP: 26/128 [ironbound frostheart/creeping frost (21)]
 40258 | Vaults:1 | 40258 ||| READING 23 scrolls of teleportation.
 40259 | Vaults:1 | 40259 ||| DRINKING 8 potions of heal wounds.
 40397 | Vaults:1 | 40397 ||| Stepping ~*~*~tactically~*~*~ (stealth).
 40400 | Vaults:1 | 40400 ||| READING 22 scrolls of teleportation.
 40507 | Vaults:1 | 40507 ||| Stepping ~*~*~tactically~*~*~ (stealth).
 40536 | Vaults:1 | 40536 ||| READING scroll of enchant weapon.
 40536 | Vaults:1 | 40536 ||| ENCHANTING +2 broad axe.
 40585 | Vaults:1 | 40585 ||| Stepping ~*~*~tactically~*~*~ (stealth).
 40587 | Vaults:1 | 40587 ||| Stepping ~*~*~tactically~*~*~ (hiding).
 40767 | Vaults:1 | 40767 ||| Stepping ~*~*~tactically~*~*~ (hiding).
 40960 | Vaults:2 | 40960 ||| INVOKING Heroism.
 40995 | Vaults:2 | 40995 ||| INVOKING Heroism.
 41004 | Vaults:2 | Received a gift from Okawaru
 41017 | Vaults:2 | 41017 ||| SWAPPING to +4 broad axe of freezing.
 41018 | Vaults:2 | 41018 ||| DROPPING +3 broad axe.
 41083 | Vaults:2 | 41083 ||| Stepping ~*~*~tactically~*~*~ (hiding).
 41085 | Vaults:2 | 41085 ||| Stepping ~*~*~tactically~*~*~ (hiding).
 41098 | Vaults:2 | 41098 ||| Stepping ~*~*~tactically~*~*~ (stealth).
 41099 | Vaults:2 | 41099 ||| Stepping ~*~*~tactically~*~*~ (stealth).
 41100 | Vaults:2 | 41100 ||| Stepping ~*~*~tactically~*~*~ (stealth).
 41220 | Vaults:2 | 41220 ||| Stepping ~*~*~tactically~*~*~ (stealth).
 41222 | Vaults:2 | 41222 ||| Stepping ~*~*~tactically~*~*~ (hiding).
 41404 | Vaults:2 | 41404 ||| Stepping ~*~*~tactically~*~*~ (hiding).
 41407 | Vaults:2 | Noticed an ancient lich
 41412 | Vaults:2 | 41412 ||| INVOKING Heroism.
 41414 | Vaults:2 | 41414 ||| INVOKING Finesse.
 41440 | Vaults:2 | Killed an ancient lich
 41520 | Vaults:2 | 41520 ||| INVOKING Finesse.
 41521 | Vaults:2 | 41521 ||| INVOKING Heroism.
 41525 | Vaults:2 | Received a gift from Okawaru
 41578 | Vaults:2 | 41578 ||| Stepping ~*~*~tactically~*~*~ (hiding).
 41723 | Vaults:2 | 41723 ||| INVOKING Heroism.
 41937 | Vaults:2 | 41937 ||| INVOKING Heroism.
 41957 | Vaults:2 | Reached ****** piety under Okawaru
 41959 | Vaults:2 | Reached XP level 20. HP: 136/136 MP: 27/27
 41968 | Vaults:2 | 41968 ||| Stepping ~*~*~tactically~*~*~ (hiding).
 41970 | Vaults:2 | 41970 ||| Stepping ~*~*~tactically~*~*~ (hiding).
 41990 | Vaults:2 | 41990 ||| Stepping ~*~*~tactically~*~*~ (hiding).
 42159 | Vaults:3 | 42159 ||| Stepping ~*~*~tactically~*~*~ (hiding).
 42172 | Vaults:3 | 42172 ||| Stepping ~*~*~tactically~*~*~ (hiding).
 42175 | Vaults:3 | 42175 ||| INVOKING Heroism.
 42179 | Vaults:3 | Reached skill level 18 in Fighting
 42326 | Vaults:3 | Found a staircase to the Crypt.
 42336 | Vaults:3 | 42336 ||| Stepping ~*~*~tactically~*~*~ (hiding).
 42337 | Vaults:3 | 42337 ||| Stepping ~*~*~tactically~*~*~ (hiding).
 42338 | Vaults:3 | 42338 ||| Stepping ~*~*~tactically~*~*~ (hiding).
 42343 | Vaults:3 | 42343 ||| INVOKING Heroism.
 42353 | Vaults:3 | Received a gift from Okawaru
 42371 | Vaults:3 | 42371 ||| Stepping ~*~*~tactically~*~*~ (hiding).
 42372 | Vaults:3 | 42372 ||| Stepping ~*~*~tactically~*~*~ (hiding).
 42374 | Vaults:3 | 42374 ||| Stepping ~*~*~tactically~*~*~ (hiding).
 42375 | Vaults:3 | 42375 ||| Stepping ~*~*~tactically~*~*~ (hiding).
 42395 | Vaults:3 | Noticed Asterion
 42396 | Vaults:3 | 42396 ||| Stepping ~*~*~tactically~*~*~ (stealth).
 42399 | Vaults:3 | 42399 ||| INVOKING Heroism.
 42400 | Vaults:3 | 42400 ||| INVOKING Finesse.
 42421 | Vaults:3 | Killed Asterion
 42509 | Vaults:3 | 42509 ||| Stepping ~*~*~tactically~*~*~ (hiding).
 42510 | Vaults:3 | 42510 ||| INVOKING Heroism.
 42648 | Vaults:3 | Identified the +2 leather armour of Foolhardiness {rCorr
                  | Slay+3 SInv}
 42659 | Vaults:3 | 42659 ||| INVOKING Heroism.
 42736 | Vaults:3 | You are sucked into a shaft and drop 1 floor!
 42808 | Vaults:4 | 42808 ||| INVOKING Heroism.
 42831 | Vaults:4 | 42831 ||| INVOKING Heroism.
 42879 | Vaults:4 | 42879 ||| Stepping ~*~*~tactically~*~*~ (hiding).
 42929 | Vaults:4 | 42929 ||| Stepping ~*~*~tactically~*~*~ (stealth).
 42930 | Vaults:4 | 42930 ||| Stepping ~*~*~tactically~*~*~ (stealth).
 43023 | Vaults:3 | Reached skill level 9 in Throwing
 43080 | Vaults:3 | 43080 ||| Stepping ~*~*~tactically~*~*~ (stealth).
 43083 | Vaults:3 | 43083 ||| FLEEEEING.
 43084 | Vaults:3 | 43084 ||| FLEEEEING.
 43085 | Vaults:3 | 43085 ||| FLEEEEING.
 43086 | Vaults:3 | 43086 ||| FLEEEEING.
 43087 | Vaults:3 | 43087 ||| FLEEEEING.
 43089 | Vaults:3 | 43089 ||| FLEEEEING.
 43090 | Vaults:3 | 43090 ||| FLEEEEING.
 43091 | Vaults:3 | 43091 ||| FLEEEEING.
 43092 | Vaults:3 | 43092 ||| FLEEEEING.
 43093 | Vaults:3 | 43093 ||| FLEEEEING.
 43094 | Vaults:3 | 43094 ||| FLEEEEING.
 43095 | Vaults:3 | 43095 ||| FLEEEEING.
 43096 | Vaults:3 | 43096 ||| FLEEEEING.
 43098 | Vaults:3 | 43098 ||| FLEEEEING.
 43099 | Vaults:3 | 43099 ||| FLEEEEING.
 43100 | Vaults:3 | 43100 ||| FLEEEEING.
 43101 | Vaults:3 | 43101 ||| FLEEEEING.
 43102 | Vaults:3 | 43102 ||| FLEEEEING.
 43103 | Vaults:3 | 43103 ||| FLEEEEING.
 43104 | Vaults:3 | 43104 ||| FLEEEEING.
 43105 | Vaults:3 | 43105 ||| FLEEEEING.
 43106 | Vaults:3 | 43106 ||| FLEEEEING.
 43107 | Vaults:3 | 43107 ||| FLEEEEING.
 43108 | Vaults:3 | 43108 ||| FLEEEEING.
 43109 | Vaults:3 | 43109 ||| FLEEEEING.
 43112 | Vaults:3 | 43112 ||| FLEEEEING.
 43140 | Vaults:3 | Noticed Saint Roka
 43140 | Vaults:3 | 43140 ||| FLEEEEING.
 43142 | Vaults:3 | 43142 ||| INVOKING Heroism.
 43153 | Vaults:3 | HP: 26/136 [Saint Roka/divine providence (10)]
 43154 | Vaults:3 | 43154 ||| READING 22 scrolls of teleportation.
 43155 | Vaults:3 | 43155 ||| DRINKING 7 potions of heal wounds.
 43157 | Vaults:3 | 43157 ||| DRINKING 6 potions of heal wounds.
 43248 | Vaults:3 | 43248 ||| INVOKING Heroism.
 43309 | Vaults:3 | 43309 ||| READING 21 scrolls of teleportation.
 43329 | Vaults:3 | 43329 ||| READING 20 scrolls of teleportation.
 43377 | Vaults:3 | 43377 ||| Stepping ~*~*~tactically~*~*~ (hiding).
 43381 | Vaults:3 | 43381 ||| Stepping ~*~*~tactically~*~*~ (hiding).
 43400 | Vaults:3 | 43400 ||| Stepping ~*~*~tactically~*~*~ (stealth).
 43401 | Vaults:3 | 43401 ||| READING 19 scrolls of teleportation.
 43415 | Vaults:3 | 43415 ||| Stepping ~*~*~tactically~*~*~ (hiding).
 43448 | Vaults:3 | 43448 ||| INVOKING Heroism.
 43454 | Vaults:3 | Killed Saint Roka
 43576 | Vaults:3 | Found a large runed translucent door.
 43577 | Vaults:3 | Found a large runed translucent door.
 43578 | Vaults:3 | Noticed qw's ghost (adept MiBe)
 43685 | Vaults:3 | 43685 ||| Stepping ~*~*~tactically~*~*~ (stealth).
 43798 | Vaults:3 | 43798 ||| INVOKING Heroism.
 43889 | Vaults:3 | Received a gift from Okawaru
 43992 | Vaults:3 | 43992 ||| INVOKING Heroism.
 44431 | Vaults:4 | 44431 ||| INVOKING Heroism.
 44526 | Vaults:4 | 44526 ||| INVOKING Heroism.
 44540 | Vaults:4 | Reached skill level 19 in Fighting
 44575 | Vaults:4 | 44575 ||| Stepping ~*~*~tactically~*~*~ (stealth).
 44629 | Vaults:4 | 44629 ||| Stepping ~*~*~tactically~*~*~ (hiding).
 44630 | Vaults:4 | 44630 ||| Stepping ~*~*~tactically~*~*~ (hiding).
 44680 | Vaults:4 | 44680 ||| Stepping ~*~*~tactically~*~*~ (hiding).
 44681 | Vaults:4 | 44681 ||| Stepping ~*~*~tactically~*~*~ (stealth).
 44690 | Vaults:4 | Noticed Margery
 44691 | Vaults:4 | 44691 ||| DRINKING 8 potions of resistance.
 44706 | Vaults:4 | 44706 ||| INVOKING Heroism.
 44711 | Vaults:4 | Killed Margery
 44712 | Vaults:4 | 44712 ||| Stepping ~*~*~tactically~*~*~ (hiding).
 44725 | Vaults:4 | Received a gift from Okawaru
 44726 | Vaults:4 | Reached XP level 21. HP: 77/144 MP: 28/28
 44923 | Vaults:4 | 44923 ||| Stepping ~*~*~tactically~*~*~ (stealth).
 44925 | Vaults:4 | 44925 ||| Stepping ~*~*~tactically~*~*~ (stealth).
 44927 | Vaults:4 | 44927 ||| INVOKING Heroism.
 44928 | Vaults:4 | 44928 ||| Stepping ~*~*~tactically~*~*~ (stealth).
 44932 | Vaults:4 | 44932 ||| Stepping ~*~*~tactically~*~*~ (stealth).
 44977 | Vaults:4 | 44977 ||| Stepping ~*~*~tactically~*~*~ (hiding).
 45008 | Vaults:4 | Found Beurawou's Antique Weapon Boutique.
 45010 | Vaults:4 | 45010 ||| INVOKING Heroism.
 45029 | Vaults:4 | 45029 ||| BUYING glowing broad axe (245 gold).
 45029 | Vaults:4 | Bought a glowing broad axe for 245 gold pieces
 45029 | Vaults:4 | 45029 ||| DROPPING +2 broad axe of pain.
 45120 | Vaults:4 | 45120 ||| INVOKING Heroism.
 45256 | Vaults:4 | 45256 ||| Stepping ~*~*~tactically~*~*~ (hiding).
 45288 | Vaults:4 | 45288 ||| PLANNING SWAMP:4
 45288 | Vaults:4 | 45288 ||| DROPPING +1 pair of gloves of stealth.
 45289 | Vaults:4 | 45289 ||| DROPPING ring of wizardry.
 45662 | Swamp:4  | Entered Level 4 of the Swamp
 45667 | Swamp:4  | 45667 ||| Stepping ~*~*~tactically~*~*~ (hiding).
 45682 | Swamp:4  | Reached skill level 18 in Armour
 45709 | Swamp:4  | 45709 ||| Stepping ~*~*~tactically~*~*~ (hiding).
 45730 | Swamp:4  | 45730 ||| Stepping ~*~*~tactically~*~*~ (stealth).
 45741 | Swamp:4  | 45741 ||| FLEEEEING.
 45742 | Swamp:4  | 45742 ||| FLEEEEING.
 45743 | Swamp:4  | 45743 ||| FLEEEEING.
 45749 | Swamp:4  | 45749 ||| INVOKING Heroism.
 45769 | Swamp:4  | Noticed the 27-headed Lernaean hydra
 45772 | Swamp:4  | HP: 36/144 [14-headed hydra (9)]
 45773 | Swamp:4  | 45773 ||| READING 20 scrolls of teleportation.
 45774 | Swamp:4  | 45774 ||| DRINKING 5 potions of heal wounds.
 45800 | Swamp:4  | HP: 32/144 [the 27-headed Lernaean hydra (8)]
 45801 | Swamp:4  | 45801 ||| READING 19 scrolls of teleportation.
 45802 | Swamp:4  | 45802 ||| DRINKING 4 potions of heal wounds.
 45802 | Swamp:4  | HP: 11/144 [the 27-headed Lernaean hydra (10)]
 45803 | Swamp:4  | 45803 ||| DRINKING 3 potions of heal wounds.
 45803 | Swamp:4  | HP: 3/144 [the 27-headed Lernaean hydra (5)]
 45803 | Swamp:4  | HP: 1/144 [the 27-headed Lernaean hydra (2)]
 45803 | Swamp:4  | Slain by the 27-headed Lernaean hydra

Levels and vault maps discovered:
D:1:      eino_arrival_cavern_e, layout_basic,
          shapermc_ecumenical_altar_mp_ritualfount, minmay_misc_feat_rows
D:2:      layout_rooms, kennysheep_generic_room_16, uniq_crazy_yiuf_cottage
D:3:      layout_loops_ring, old_standard_altar, okawaru_gym_becter
D:4:      layout_cave_pods, minmay_temple_entry_glass
D:5:      layout_basic, fedhas_bush_and_centaur_altar, gammafunk_ghost_grave,
          uniq_menkaure, uniq_sigmund
D:6:      layout_gridville, enter_ossuary_3
D:7:      layout_loops_ring, nicolae_hepliaklqana_hippocampus,
          nicolae_overflow_hidden_temple, mainiacjoe_overflow_alcove_1,
          uniq_duvessa
D:8:      layout_loops_ring, minmay_shop_damaged
D:9:      layout_gridville, mainiacjoe_overflow_chevrons, orc_0_dummy
D:10:     layout_loops_ring, lemuel_crystal_altar, lair_entry_dummy,
          uniq_nergalle, uniq_lodul
D:11:     layout_long_grid, serial_shops, nicolae_shop_hallway_stairs
D:12:     layout_stronghold, serial_shops, shop, shop, kennysheep_mini,
          nicolae_take_the_stairs, uniq_maurice, uniq_gastronok, uniq_azrael
D:13:     layout_basic, serial_curves, eino_curves_04, eino_curves_01,
          eino_curves_01, uniq_rupert
D:14:     regret_index_wax_grids, layout_basic, ximxim_vaults_locker_room,
          minmay_misc_feat_alley, ebering_ghost_reflecting_pool
D:15:     hangedman_depths_entry_try_elsewhere_first, layout_basic,
          nicolae_triple_integral
Lair:1:   layout_long_grid, lemuel_fruit_tree, grunt_megastairs_2
Lair:2:   layout_loops_ring, minmay_snake_entry_six_corridors,
          maelrawn_ghost_gauntlet_escape, basic_altar
Lair:3:   layout_chaotic_city, palyth_hydra_swamp_entry,
          hellmonk_ghost_happy_afterlife
Lair:4:   layout_loops_ring, nicolae_slime_entry_slimehenge,
          gauntlet_entry_generic, minmay_lair_oklob_items, grunt_megastairs_1
Lair:5:   evilmike_catoblepas_cave, layout_loops_ring,
          nicolae_volcano_entry_lava_flow, grunt_megastairs_4
Swamp:1:  layout_falls_marsh, evilmike_swamp_ruin_house_3, water_boxes_lemuel
Swamp:2:  layout_basic_swamp, evilmike_swamp_ruin_house_2, uniq_frances
Swamp:3:  layout_basic_swamp, nicolae_swamp_orc_logging_accident, swamp_pool5
Swamp:4:  swamp_old_school, layout_basic_swamp, swamp_pool1,
          nicolae_swamp_big_swirl
Snake:1:  layout_chambers, gammafunk_ghost_split
Snake:2:  layout_chambers, serial_shops, bzr_entry_islet, grunt_megastairs_3,
          uniq_aizul
Snake:3:  layout_misc_corridors
Snake:4:  grunt_snake_rune_pools, layout_cave_town,
          nicolae_snake_ghostly_warrior_ritual, uniq_vashnia, uniq_nikola
Orc:1:    layout_diamond_mine, elves_outpost_lemuel
Orc:2:    hellmonk_orc_salted, layout_caves, serial_shops, shop
Vaults:1: hangedman_vaults_nodes, nicolae_vaults_specimen_jars,
          grunt_vaults_focal, v_pattern_2, dpeg_vaults_monster_row,
          v_alt_pattern_2, nicolae_vaults_network_star,
          nicolae_vaults_three_branches, nicolae_vaults_theta, serial_ice_h,
          ontoclasm_vaults_ring_small, layout_vaults_big_cross
Vaults:2: v_rooms_3, v_misc_22, nicolae_vaults_bisected_inception,
          nicolae_vaults_shelves_hall, vaults_room_octagon,
          ontoclasm_vaults_eye, vaults_room_guarded_vault,
          ontoclasm_vaults_chip, hangedman_vaults_hat, ontoclasm_vaults_idyll,
          grunt_vaults_funnel, layout_vaults_ring
Vaults:3: ebering_ghost_disaster_area, ontoclasm_vaults_gateway,
          nicolae_vaults_windows_and_doors_thing, minmay_crypt_entry_simple_box,
          nicolae_vaults_big_ls, v_misc_27, hangedman_vaults_hard_town_square,
          nicolae_vaults_back_hallway, ontoclasm_vaults_ring_square,
          ontoclasm_vaults_ligature, vaults_standard_mumra_x, v_misc_31,
          layout_vaults_omnibox, uniq_asterion, uniq_saint_roka
Vaults:4: nicolae_vaults_disjoint_gnomons, v_alt_pattern_6,
          ontoclasm_vaults_pinch, v_misc_27, vaults_room_fours, v_rooms_5,
          st_more_cells, nicolae_vaults_border_crossing, layout_vaults_big_room,
          serial_shops, shop, uniq_margery

Skill      XL: |  1  2  3  4  5  6  7  8  9 10 11 12 13 14 15 16 17 18 19 20 21 |
---------------+----------------------------------------------------------------+-----
Axes           | 2 3 4 5 6 8 9 10 11 12 14 15 16 17 18 | 18.0
Fighting       | 4 5 7 8 9 10 11 12 13 15 16 17 19 | 19.3
Invocations    | 3 4 7 10 | 10.0
Armour         | 4 6 7 9 10 11 13 15 16 17 18 | 18.0
Dodging        | 1 2 3 5 6 7 8 9 10 | 10.0
Throwing       | 1 2 6 7 8 9 |  9.0
Shields        | 4 5 7 10 11 12 13 14 15 16 17 | 17.0

Action                   |  1- 3 |  4- 6 |  7- 9 | 10-12 | 13-15 | 16-18 | 19-21 || total
-------------------------+-------+-------+-------+-------+-------+-------+-------++-------
Melee: War axe           |   114 |   104 |   323 |   572 |   687 |       |       ||  1800
       Morningstar       |       |       |       |    25 |    31 |    19 |       ||    75
       Broad axe         |       |       |       |       |   397 |  2025 |  1262 ||  3684
Throw: Boomerang         |       |    23 |    70 |   105 |    18 |    47 |     3 ||   266
       Javelin           |       |       |       |       |    49 |    50 |    59 ||   158
Invok: Heroism           |       |     1 |    19 |    32 |    49 |    68 |    29 ||   198
       Finesse           |       |       |       |     4 |    15 |     5 |     3 ||    27
  Use: Scroll            |     2 |     9 |     7 |    10 |     9 |     5 |     9 ||    51
       Potion            |       |     2 |     6 |     1 |       |     2 |     7 ||    18
 Stab: Distracted        |       |       |       |       |     1 |       |       ||     1
       Confused          |       |       |       |       |       |       |     5 ||     5
Armor: Scale mail        |    64 |     1 |       |       |       |       |       ||    65
       Plate armour      |       |    75 |   189 |   323 |   360 |   883 |   609 ||  2439
       Chain mail        |       |       |       |       |   224 |       |       ||   224
Dodge: Dodged            |    44 |    30 |   101 |   154 |   327 |   775 |   641 ||  2072
Block: Buckler           |    12 |    27 |    67 |    62 |       |       |       ||   168
       Kite shield       |       |       |       |   144 |   691 |  1511 |   888 ||  3234

Table legend:
 A = Non-vault XP
 B = Vault XP
 C = Vault XP percentage of total XP
 D = Non-vault monster count
 E = Vault monster count
 F = Vault count percentage of total count
                 A         B        C        D         E       F
            +---------+---------+-------+---------+---------+-------
      Total |  289238 |  230242 |  44.3 |     840 |     422 |  33.4
            +---------+---------+-------+---------+---------+-------
        D:1 |      50 |       0 |   0.0 |      28 |       0 |   0.0
        D:2 |      55 |       6 |   9.8 |      12 |       3 |  20.0
        D:3 |      93 |       0 |   0.0 |      21 |       0 |   0.0
        D:4 |       9 |       0 |   0.0 |       4 |       0 |   0.0
        D:5 |    1021 |     501 |  32.9 |      23 |       3 |  11.5
        D:6 |    1370 |       1 |   0.1 |      33 |       1 |   2.9
        D:7 |    1382 |     221 |  13.8 |      24 |       2 |   7.7
        D:8 |    2436 |       0 |   0.0 |      22 |       0 |   0.0
        D:9 |    2130 |       0 |   0.0 |      25 |       0 |   0.0
       D:10 |    3149 |    2476 |  44.0 |      26 |      10 |  27.8
       D:11 |    3151 |     691 |  18.0 |       9 |       4 |  30.8
       D:12 |    6669 |    2987 |  30.9 |      19 |       3 |  13.6
       D:13 |    5918 |    1905 |  24.4 |      14 |       1 |   6.7
       D:14 |    6516 |   18738 |  74.2 |      20 |      64 |  76.2
       D:15 |   15071 |    2679 |  15.1 |      29 |       4 |  12.1
     Lair:1 |    7933 |    1038 |  11.6 |      25 |       6 |  19.4
     Lair:2 |    5003 |    1594 |  24.2 |      19 |       5 |  20.8
     Lair:3 |    7241 |    2289 |  24.0 |      23 |       5 |  17.9
     Lair:4 |    6711 |    1559 |  18.9 |      23 |      10 |  30.3
     Lair:5 |   12352 |   13279 |  51.8 |      35 |      27 |  43.5
    Swamp:1 |   10255 |       0 |   0.0 |      23 |       0 |   0.0
    Swamp:2 |   11321 |    1540 |  12.0 |      26 |       1 |   3.7
    Swamp:3 |    7890 |     403 |   4.9 |      17 |       3 |  15.0
    Swamp:4 |    7796 |    4334 |  35.7 |      14 |       9 |  39.1
    Snake:1 |   13193 |       0 |   0.0 |      25 |       0 |   0.0
    Snake:2 |   25834 |    2152 |   7.7 |      50 |       3 |   5.7
    Snake:3 |   22867 |       0 |   0.0 |      43 |       0 |   0.0
    Snake:4 |   22271 |   41977 |  65.3 |      50 |      58 |  53.7
      Orc:1 |    2408 |    5270 |  68.6 |      16 |       9 |  36.0
      Orc:2 |    1886 |    7663 |  80.2 |      19 |      20 |  51.3
   Vaults:1 |   18912 |   26073 |  58.0 |      31 |      40 |  56.3
   Vaults:2 |   16362 |   25550 |  61.0 |      24 |      31 |  56.4
   Vaults:3 |   12116 |   37563 |  75.6 |      26 |      46 |  63.9
   Vaults:4 |   27867 |   27599 |  49.8 |      42 |      38 |  47.5
    Ossuary |       0 |     154 | 100.0 |       0 |      16 | 100.0
            +---------+---------+-------+---------+---------+-------
